Workbook

Sheet EM RIESGOS
A1: ESTUDIO DE MERCADO Objeto: “Implementar acciones de gestión ambiental y gestión del riesgos en la localidad de Antonio Nariño, a través de la ejecución de actividades de Educación Ambiental, el fortalecimiento de Huertas Urbanas, el mantenimiento del Arbolado Urbano, la capacitación en la Separación en la Fuente y el Reciclaje, la ejecución de acciones orientadas al Fortalecimiento de Capacidades Comunitarias en Gestión del Riesgo y la implementación de Medidas de Mitigación. Vigencia 2026
A2: Proyecto de inversión: No 2472 "Acciones de resiliencia hogares seguros y comunidades fortalecidas"
A3: Meta PDL: 1. Realizar 1 acción efectiva para el fortalecimiento de las capacidades locales en torno a la gestión del riesgo 2. Realizar 1 obra de mitigación y/u obras de mitigación existentes con mantenimiento
A4: INFORMACIÓN GENERAL | H4: COTIZACIONES | V4: ANÁLISIS
A5: Ítem | B5: CODIGO UNSPSC | C5: Bien/Servicio | D5: imagen de referencia | E5: Descripción | G5: Cantidad | H5: Cotización 1 | N5: Cotización 2 | R5: Cotización 3 | V5: PROMEDIO O MEDIA ARITMETICA | W5: DESVIACION ESTANDAR | X5: COEFICIENTE DE VARIACION (CV) | Y5: VALOR DE REFERENCIA PARA EL ESTUDIO DE MERCADO
F6: unidad de medida | H6: Valor unitario sin IVA (Referencia) | I6: Valor unitario con IVA (Referencia) | J6: Valor unitario sin IVA 2026 | K6: Valor unitario con IVA 2026 | L6: Proceso o referencia | M6: Link | N6: Valor unitarios sin IVA | O6: Valor unitarios con IVA | P6: Proceso o referencia | Q6: Link | R6: Valor unitarios sin IVA | S6: Valor unitarios con IVA | T6: Proceso o referencia | U6: Link
A7: 12.5 COMPONENTE 5: GESTIÓN DEL RIESGO – FORTALECIMIENTO DE CAPACIDADES: “implementación de acciones orientadas al fortalecimiento de las capacidades locales en gestión del riesgo y la ejecución de acciones de mitigación en la localidad de Antonio Nariño, en el marco de la meta “Acciones de resiliencia, hogares seguros y comunidades fortalecidas”.
A8: 1 | B8: 80111600 | C8: Capacitador o tallerista Gestión del Riesgo: | D8: N/A | E8: Profesional o tecnólogo en ciencias ambientales, educación ambiental o áreas afines, con experiencia en procesos pedagógicos comunitarios. (Minimos 2 proyectos) Experiencia: Minimo 2 proyectos | F8: Meses | G8: 3 | H8: N/A | I8: N/A | J8: N/A | K8: 5860000 | L8: TABLA DE HONORARIOS - SECRETARIA DISTRITAL DE GOBIERNO Resolución No. 1124 del 11 de diciembre de 2024 Memorando No Rad. 20254000321923 "Valor de honorarios para contratos de prestación de servicios profesionales y de apoyo a la gestión – Vigencia 2026" | M8: https://www.alcaldiabogota.gov.co/sisjur/normas/Norma1.jsp?i=190718&dt=S | N8: N/A | O8: N/A | P8: N/A | Q8: N/A | R8: N/A | S8: N/A | T8: N/A | U8: N/A | V8: =AVERAGE(K8) -> 5860000 | W8: =_xlfn.STDEV.P(K8) -> 0 | X8: =W8/V8 -> 0 | Y8: =V8*G8 -> 17580000
A9: 2 | B9: 80111600 | C9: Gestor(a) territorial y logístico | D9: N/A | E9: Técnico, tecnólogo o bachiller con experiencia en logística, apoyo operativo, trabajo comunitario o proyectos ambientales y sociales. Experiencia: Minimos 6 meses | F9: Meses | G9: 2 | H9: N/A | I9: N/A | J9: N/A | K9: 3095000 | L9: TABLA DE HONORARIOS - SECRETARIA DISTRITAL DE GOBIERNO Resolución No. 1124 del 11 de diciembre de 2024 Memorando No Rad. 20254000321923 "Valor de honorarios para contratos de prestación de servicios profesionales y de apoyo a la gestión – Vigencia 2026" | M9: https://www.alcaldiabogota.gov.co/sisjur/normas/Norma1.jsp?i=190718&dt=S | N9: N/A | O9: N/A | P9: N/A | Q9: N/A | R9: N/A | S9: N/A | T9: N/A | U9: N/A | V9: =AVERAGE(K9) -> 3095000 | W9: =_xlfn.STDEV.P(K9) -> 0 | X9: =W9/V9 -> 0 | Y9: =V9*G9 -> 6190000
A10: 3 | B10: 53121603 | C10: Mochilas | D10: N/A | E10: Mochilas wayuu de diseños y colores variados tamaño grande tradicional, Medidas aproximadas 30x35 cms, diseños únicos e irrepetibles | F10: unidad | G10: 30 | H10: 93000 | I10: =H10*1.19 -> 110670 | J10: =K10/1.19 -> 97743 | K10: =I10*(1+5.1%) -> 116314.17 | L10: UNAL-BOG-2025-1441 | M10: https://community.secop.gov.co/Public/Tendering/ContractNoticeManagement/Index?currentLanguage=es-CO&Page=login&Country=CO&SkinName=CCE | N10: N/A | O10: N/A | P10: N/A | Q10: N/A | R10: N/A | S10: N/A | T10: N/A | U10: N/A | V10: =AVERAGE(K10) -> 116314.17 | W10: =_xlfn.STDEV.P(K10) -> 0 | X10: =W10/V10 -> 0 | Y10: =V10*G10 -> 3489425.1
A11: 5 | B11: 46182504 | C11: Guantes de protección | D11: N/A | E11: Par de guantes de protección elaborados en material mixto (algodón recubierto en látex o nitrilo), con palma antideslizante, ajuste elástico en muñeca y resistencia mínima para manipulación de residuos sólidos livianos, evitando contacto directo y promoviendo prácticas seguras | F11: unidad | G11: 30 | H11: =I11/1.19 -> 29121.008 | I11: 34654 | J11: =K11/1.19 -> 30606.18 | K11: =I11*(1+5.1%) -> 36421.354 | L11: FDLAN-LP-002-2025 OFERTA ECONOMICA AMBIENTE | M11: https://community.secop.gov.co/Public/Tendering/ContractNoticePhases/View?PPI=CO1.PPI.41809916&isFromPublicArea=True&isModal=False | N11: N/A | O11: N/A | P11: N/A | Q11: N/A | R11: N/A | S11: N/A | T11: N/A | U11: N/A | V11: =AVERAGE(K11) -> 36421.354 | W11: =_xlfn.STDEV.P(K11) -> 0 | X11: =W11/V11 -> 0 | Y11: =V11*G11 -> 1092640.6
A12: 7 | B12: 53131626 | C12: Gel Antibacterial: | D12: N/A | E12: Envase portátil (mínimo 60 ml) de gel antibacterial con concentración de alcohol mínima del 60%, en recipiente plástico resistente con tapa segura tipo flip o rosca, ideal para higiene de manos durante las jornadas | F12: unidad | G12: 30 | H12: N/A | I12: N/A | J12: =K12/1.19 -> 5840.3361 | K12: 6950 | M12: https://www.farmatodo.com.co/producto/258200237-gel-antibacterial-farmatodo-mil-deseos-x-75-gr | N12: =O12/1.19 -> 5378.1513 | O12: 6400 | Q12: https://www.lafortunaplaza.com/gel-antibacterial-hnd?utm_source=js-google-shopping-app&utm_medium=js-google-shopping-app&variant_id=80686039&srsltid=AfmBOort6WAPQ4Sz9joZi0krnAUZ-0ZvbqEysewhGZ716rh__xLb4lGWRjQ | R12: =S12/1.19 -> 5630.2521 | S12: 6700 | U12: https://www.tiendadelabelleza.co/products/gel-contra-bacterias-masglo?variant=47403395678514 | V12: =AVERAGE(K12,O12,S12) -> 6683.3333 | W12: =_xlfn.STDEV.P(K12,O12,S12) -> 224.84563 | X12: =W12/V12 -> 0.033642737 | Y12: =V12*G12 -> 200500
A13: 8 | B13: 53102504 | C13: Gorra Institucional | D13: N/A | E13: Gorra elaborada en tela ligera y transpirable (algodón o poliéster), con visera curva, sistema de ajuste posterior (velcro o broche) y costuras reforzadas, que protege frente a la exposición solar en actividades al aire libre. | F13: unidad | G13: 30 | H13: 22496 | I13: 22496 | J13: =K13/1.19 -> 19868.316 | K13: =I13*(1+5.1%) -> 23643.296 | L13: FDLAN-LP-002-2025 OFERTA ECONOMICA AMBIENTE | M13: https://community.secop.gov.co/Public/Tendering/ContractNoticePhases/View?PPI=CO1.PPI.41809916&isFromPublicArea=True&isModal=False | N13: N/A | O13: N/A | P13: N/A | Q13: N/A | R13: N/A | S13: N/A | T13: N/A | U13: N/A | V13: =AVERAGE(K13) -> 23643.296 | W13: =_xlfn.STDEV.P(K13) -> 0 | X13: =W13/V13 -> 0 | Y13: =V13*G13 -> 709298.88
A14: 9 | B14: 39111610 | C14: Linterna LED | D14: N/A | E14: Linterna portátil elaborada en plástico ABS de alta resistencia o aluminio liviano, recargable (USB o baterías), con potencia básica funcional, botón de encendido seguro y tamaño compacto para uso en simulaciones y condiciones de baja visibilidad. | F14: unidad | G14: 30 | H14: N/A | I14: N/A | J14: =K14/1.19 -> 14201.681 | K14: 16900 | M14: https://www.util.com.co/linterna-luz-led-recargable-1600mah-4v-discover/p?idsku=1049&gad_source=4&gad_campaignid=22560945053&gbraid=0AAAAABJL-2pH4BMPXEfjjB1H7FUsbJskc&gclid=CjwKCAjw857RBhAgEiwAI-1yKKcspKHQ9myi46PJcWyhGDPNFgJxJkSh24MIGAyD-aiqiTRdji2VrRoCeMEQAvD_BwE | N14: =O14/1.19 -> 18403.361 | O14: 21900 | Q14: https://www.homecenter.com.co/homecenter-co/product/554765/linterna-recargable-usb-de-largo-alcance-dairu-60-lumens-2-modos-iluminacion/554765/?kid=dis_adi_1435636&gad_source=4&gad_campaignid=23616595358&gbraid=0AAAAADt6wnrZUsBjzZDxVz-yvzFYIh4S-&gclid=CjwKCAjw857RBhAgEiwAI-1yKGCTrnY2MS2lJTdESbIo7kGsHdERVv2M9uY5sXfTeWD_Yp7BbWS-URoC9EMQAvD_BwE | R14: =S14/1.19 -> 19327.731 | S14: 23000 | U14: https://siriuscol.com/products/linterna-recargable-7led?variant=44440163123453&country=CO&currency=COP&utm_medium=product_sync&utm_source=google&utm_content=sag_organic&utm_campaign=sag_organic&srsltid=AfmBOoqSLSv9hFeBGRQXp2UhNZy-DKoSvCjeY60ixd2WMcNxekwDUJjeU14 | V14: =AVERAGE(K14,O14,S14) -> 20600 | W14: =_xlfn.STDEV.P(K14,O14,S14) -> 2654.5558 | X14: =W14/V14 -> 0.12886193 | Y14: =V14*G14 -> 618000
A15: 10 | B15: 46171613 | C15: Silbato de emergencia | D15: N/A | E15: Silbato fabricado en plástico de alta resistencia, con cordón o argolla para sujeción, diseñado para emitir señal sonora fuerte que permita comunicación y alerta en ejercicios prácticos. | F15: unidad | G15: 30 | H15: N/A | I15: N/A | J15: =K15/1.19 -> 4621.8487 | K15: 5500 | M15: https://articulo.mercadolibre.com.co/MCO-2740842616-silbato-metalico-pito-llavero-emergencia-_JM?matt_tool=67803076&matt_word=&matt_source=google&matt_campaign_id=23542300944&matt_ad_group_id=198736063651&matt_match_type=&matt_network=g&matt_device=c&matt_creative=796800766034&matt_keyword=&matt_ad_position=&matt_ad_type=pla&matt_merchant_id=668803895&matt_product_id=MCO2740842616&matt_product_partition_id=2456697487184&matt_target_id=aud-1918885411162:pla-2456697487184&cq_src=google_ads&cq_cmp=23542300944&cq_net=g&cq_plt=gp&cq_med=pla&gad_source=4&gad_campaignid=23542300944&gbraid=0AAAAAD1DcoyAMEbTdYemf3CgFhhCQDbZG&gclid=CjwKCAjw857RBhAgEiwAI-1yKLl81L0nPfpbQPM-mPKLrGbHAbtSkfFQHSvdhQ60QgMSI846DaovGxoCvO8QAvD_BwE | O15: 2799 | Q15: https://www.colombiangeek.com/products/silbato-metal-he0008?variant=53470161240277&country=CO&currency=COP&utm_medium=product_sync&utm_source=google&utm_content=sag_organic&utm_campaign=sag_organic&srsltid=AfmBOoqqQZIiatOHAx12qAauwYjubiZh6yLZDm1jhDA47F93c5K55jiopKk | R15: =S15/1.19 -> 2857.1429 | S15: 3400 | U15: https://protseg.co/producto/silvato-pito-negro/?srsltid=AfmBOoot-Jhws2J-1TwpBkfeTdz2WB_9DF2ZUgZgglbM4MOTCUksJInd5B0 | V15: =AVERAGE(K15,O15,S15) -> 3899.6667 | W15: =_xlfn.STDEV.P(K15,O15,S15) -> 1157.9005 | X15: =W15/V15 -> 0.29692294 | Y15: =V15*G15 -> 116990
A16: 11 | B16: 55101524 | C16: Guía Pedagógica | D16: N/A | E16: Cartilla impresa a color en papel propalcote o similar (mínimo 150–200 g), con encuadernación grapada o argollada, que incluya contenidos ilustrados, actividades prácticas y lenguaje pedagógico sobre gestión del riesgo, residuos y autocuidado | F16: unidad | G16: 30 | H16: =I16/1.19 -> 9281.5126 | I16: 11045 | J16: =K16/1.19 -> 9754.8697 | K16: =I16*(1+5.1%) -> 11608.295 | L16: FDLAN-LP-002-2025 OFERTA ECONOMICA AMBIENTE | M16: https://community.secop.gov.co/Public/Tendering/ContractNoticePhases/View?PPI=CO1.PPI.41809916&isFromPublicArea=True&isModal=False | N16: N/A | O16: N/A | P16: N/A | Q16: N/A | R16: N/A | S16: N/A | T16: N/A | U16: N/A | V16: =AVERAGE(K16,O16,S16) -> 11608.295 | W16: =_xlfn.STDEV.P(K16) -> 0 | X16: =W16/V16 -> 0 | Y16: =V16*G16 -> 348248.85
A17: 12 | B17: 55101519 | C17: Certificado de asistencia | D17: N/A | E17: CERTIFICACIÓN DE ASISTENCIA: Carta - 21.5 x 27,9 cm, Full color, papel grueso superior reciclado a 194 gr, a cada uno de los beneficiarios que participaron en todas las capacitaciones del componente ambiental, certificando su participación y compromiso indicando intensidad horaria. 1 para cada participante debe contener los diferentes logos institucionales Tamaño media Carta. | F17: unidad | G17: 30 | H17: =I17/1.19 -> 3501.6807 | I17: 4167 | J17: =K17/1.19 -> 3680.2664 | K17: =I17*(1+5.1%) -> 4379.517 | L17: FDLAN-LP-002-2025 OFERTA ECONOMICA AMBIENTE | M17: https://community.secop.gov.co/Public/Tendering/ContractNoticePhases/View?PPI=CO1.PPI.41809916&isFromPublicArea=True&isModal=False | N17: N/A | O17: N/A | P17: N/A | Q17: N/A | R17: N/A | S17: N/A | T17: N/A | U17: N/A | V17: =AVERAGE(K17) -> 4379.517 | W17: =_xlfn.STDEV.P(K17) -> 0 | X17: =W17/V17 -> 0 | Y17: =V17*G17 -> 131385.51
A18: 13 | B18: 46171610 | C18: Cámara de vigilancia ambiental: | D18: N/A | E18: Cámara HD visión nocturna. Resolución mínima HD 1080p. Visión nocturna infrarroja. Protección exterior IP66 o superior. Grabación continua y detección de movimiento. Soporte metálico antivandálico. Conectividad Wi-Fi o cableada. Panel solar | F18: unidad | G18: 15 | H18: N/A | I18: N/A | J18: =K18/1.19 -> 151368.07 | K18: 180128 | M18: https://www.mercadolibre.com.co/camara-seguridad-panel-solar-exterior-wifi/up/MCOU3761581246?pdp_filters=item_id%3AMCO3524541934&from=gshop&matt_tool=69323373&matt_word=&matt_source=google&matt_campaign_id=22126928543&matt_ad_group_id=189737359085&matt_match_type=&matt_network=g&matt_device=c&matt_creative=791890234227&matt_keyword=&matt_ad_position=&matt_ad_type=pla&matt_merchant_id=5753623076&matt_product_id=MCOU3761581246&matt_product_partition_id=2455857461218&matt_target_id=aud-1918885411162:pla-2455857461218&cq_src=google_ads&cq_cmp=22126928543&cq_net=g&cq_plt=gp&cq_med=pla&gad_source=4&gad_campaignid=22126928543&gbraid=0AAAAAD1DcozfYXh_A7T3PXlBHkPhBhObT&gclid=CjwKCAjw857RBhAgEiwAI-1yKI76VpqxeldscFSqFTL1e9UDCAA1WEEb9a05jNI99mgTtAlWt5kUTxoCH_8QAvD_BwE | N18: =O18/1.19 -> 127605.04 | O18: 151850 | Q18: https://www.mercadolibre.com.co/camara-de-seguridad-wifi-con-panel-solar-doble-lente-color-negro/p/MCO38941106?pdp_filters=item_id%3AMCO1863453241&from=gshop&matt_tool=69323373&matt_word=&matt_source=google&matt_campaign_id=22126928543&matt_ad_group_id=189737358885&matt_match_type=&matt_network=g&matt_device=c&matt_creative=791890234221&matt_keyword=&matt_ad_position=&matt_ad_type=pla&matt_merchant_id=735127761&matt_product_id=MCO38941106-product&matt_product_partition_id=2454529399854&matt_target_id=aud-2483636939670:pla-2454529399854&cq_src=google_ads&cq_cmp=22126928543&cq_net=g&cq_plt=gp&cq_med=pla&gad_source=4&gad_campaignid=22126928543&gbraid=0AAAAAD1DcozfYXh_A7T3PXlBHkPhBhObT&gclid=CjwKCAjw857RBhAgEiwAI-1yKE1TDIBoG2J1NbfFfajCWlUNjgWmBCPTjV53Cj8aPbHA8fGViRVCtRoCmH0QAvD_BwE | R18: =S18/1.19 -> 173773.11 | S18: 206790 | U18: https://www.mercadolibre.com.co/camara-exterior-con-panel-solar-doble-lente-y-doble-via-wifi-gris-oscuro/p/MCO67974824?pdp_filters=item_id%3AMCO3932149422&from=gshop&matt_tool=69323373&matt_word=&matt_source=google&matt_campaign_id=22126928543&matt_ad_group_id=189737358925&matt_match_type=&matt_network=g&matt_device=c&matt_creative=791890234224&matt_keyword=&matt_ad_position=&matt_ad_type=pla&matt_merchant_id=735122983&matt_product_id=MCO67974824-product&matt_product_partition_id=2455906815485&matt_target_id=aud-1918885411162:pla-2455906815485&cq_src=google_ads&cq_cmp=22126928543&cq_net=g&cq_plt=gp&cq_med=pla&gad_source=4&gad_campaignid=22126928543&gbraid=0AAAAAD1DcozfYXh_A7T3PXlBHkPhBhObT&gclid=CjwKCAjw857RBhAgEiwAI-1yKNJ90csD8YG_1ErykWMya4vt5vexprPObPFtoIUaiVK8V1gFWjCm8BoCqMAQAvD_BwE | V18: =AVERAGE(K18,O18,S18) -> 179589.33 | W18: =_xlfn.STDEV.P(K18,O18,S18) -> 22432.395 | X18: =W18/V18 -> 0.1249094 | Y18: =V18*G18 -> 2693840
A19: 14 | B19: 46171619 | C19: Sirena electrónica comunitaria: | D19: N/A | E19: Potencia sonora mínima: 110 – 120 dB Potencia eléctrica: 20W – 30W Alimentación: 12V DC o 110/220V AC Uso exterior (resistente a intemperie) Material: metálico o ABS reforzado Tiempo de activación configurable (ej. 3–5 minutos) Capacidad de conexión a múltiples sirenas | F19: unidad | G19: 15 | H19: N/A | I19: N/A | J19: =K19/1.19 -> 100756.3 | K19: 119900 | M19: https://colnova.co/products/sirena-para-alarma-30w-modulo-inalambrica?variant=41369251643475&country=CO&currency=COP&utm_medium=product_sync&utm_source=google&utm_content=sag_organic&utm_campaign=sag_organic&srsltid=AfmBOoqwSjaeXrCej15Ul4Dt5SuJnRMQ_-wkxjKlwDw_UFYxf8-IozryZDk | N19: =O19/1.19 -> 125966.39 | O19: 149900 | Q19: https://www.homecenter.com.co/homecenter-co/product/480817/sirena-de-seguridad-110-v-ac-30w/480817/ | R19: =S19/1.19 -> 100840.34 | S19: 120000 | U19: https://recoversds.com/tienda/kit-sirena-12v-30w-alta-potencia/ | V19: =AVERAGE(K19,O19,S19) -> 129933.33 | W19: =_xlfn.STDEV.P(K19,O19,S19) -> 14118.624 | X19: =W19/V19 -> 0.10866053 | Y19: =V19*G19 -> 1949000
A20: 15 | B20: 46171619 | C20: Luz estroboscópica (baliza): | D20: N/A | E20: Tipo: LED de alta intensidad Colores: rojo o azul (alta visibilidad) Voltaje: 12V o 110V Frecuencia de destello configurable Protección IP (mínimo IP54 – IP65) Integración automática con la sirena | F20: unidad | G20: 15 | H20: N/A | I20: N/A | J20: =K20/1.19 -> 58739.496 | K20: 69900 | M20: https://www.mercadolibre.com.co/baliza-licuadora-led-luz-emergencia-strober-amarilla-12v24v/up/MCOU2419459686 | N20: =O20/1.19 -> 35615.966 | O20: 42383 | Q20: https://www.mercadolibre.com.co/baliza-estroboscopica-giratoria-led-industrial-de-emergencia/p/MCO2064487596 | R20: =S20/1.19 -> 96839.496 | S20: 115239 | U20: https://www.mercadolibre.com.co/luz-de-senal-advertencia-baliza-led-lampara-estroboscopica/p/MCO2052100269?matt_tool=19390127&utm_source=google_shopping&utm_medium=organic&pdp_filters=item_id%3AMCO3415196452&from=gshop | V20: =AVERAGE(K20,O20,S20) -> 75840.667 | W20: =_xlfn.STDEV.P(K20,O20,S20) -> 30038.507 | X20: =W20/V20 -> 0.39607387 | Y20: =V20*G20 -> 1137610
A21: 16 | B21: 46171619 | C21: Botón de pánico | D21: N/A | E21: Tipo: fijo (poste/vivienda) o portátil Material: metálico o plástico reforzado antivandálico Protección: IP65 o superior Activación: manual tipo pulsador Alcance inalámbrico: 30 a 100 m o más Frecuencia: 315 MHz o 433 MHz | F21: unidad | G21: 30 | H21: N/A | I21: N/A | J21: =K21/1.19 -> 19621.849 | K21: 23350 | M21: https://www.mercadolibre.com.co/boton-de-alarma-boton-de-panico-boton-de-emergencia-de-un-to/p/MCO2047601623?matt_tool=19390127&utm_source=google_shopping&utm_medium=organic&pdp_filters=item_id%3AMCO3484056500&from=gshop | N21: =O21/1.19 -> 21764.706 | O21: 25900 | Q21: https://www.optimustech.com.co/producto/seguridad-boton-sos-emergencia-inalambrico-para-alarmas-gsm-de-frecuencia-433-mhz/?srsltid=AfmBOoq3bQNOI7AfOmviktY46jUgQBRQvDj2AwbTIT8sWqC-TZPojn0PsiE | R21: =S21/1.19 -> 25126.05 | S21: 29900 | U21: https://colnova.co/products/boton-timbre-panico-inalambrico-wifi-tuya-smart?variant=41194992959571&country=CO&currency=COP&utm_medium=product_sync&utm_source=google&utm_content=sag_organic&utm_campaign=sag_organic&srsltid=AfmBOooRKri-whAUxHLRedhCmV_M3m9-ccUduUZhkkG_wRkxoWPLeOXEHNg | V21: =AVERAGE(K21,O21,S21) -> 26383.333 | W21: =_xlfn.STDEV.P(K21,O21,S21) -> 2695.7786 | X21: =W21/V21 -> 0.10217733 | Y21: =V21*G21 -> 791500
A22: 17 | B22: 46171619 | C22: Fuente de energía | D22: N/A | E22: Adaptador 110V a 12V Batería pequeña de respaldo (opcional) Autonomía básica en caso de corte de luz | F22: unidad | G22: 15 | H22: N/A | I22: N/A | J22: =K22/1.19 -> 16722.689 | K22: 19900 | M22: https://www.homecenter.com.co/homecenter-co/product/706246/adaptador-de-corriente-cctv-12v-2a-80195/706246/ | N22: =O22/1.19 -> 12605.042 | O22: 15000 | Q22: https://www.falabella.com.co/falabella-co/product/126217128/Fuente-Adaptador-110V-AC-a-12V-1A-1000mA/126217129 | R22: =S22/1.19 -> 11764.706 | S22: 14000 | U22: https://dualtronica.com/baterias-y-adaptadores/183-adaptador-acdc-110vac-a-12vdc-1a.html?srsltid=AfmBOorPcXKzTyCu04PALGjw3XSO7KvL9pDaulo5nQlpbv_F-b2Jhvn--jE | V22: =AVERAGE(K22,O22,S22) -> 16300 | W22: =_xlfn.STDEV.P(K22,O22,S22) -> 2578.113 | X22: =W22/V22 -> 0.15816644 | Y22: =V22*G22 -> 244500
A23: 18 | B23: 46171619 | C23: Receptor o control básico | D23: N/A | E23: Frecuencia: 433 MHz (común y económico) Recibe señal del botón o control Activa la sirena mediante relé Sin pantalla (configuración básica) | F23: unidad | G23: 15 | H23: N/A | I23: N/A | J23: =K23/1.19 -> 36890.756 | K23: 43900 | M23: https://electronilab.co/tienda/modulo-rele-1-canal-inalambrico-110v-220v-30a-control-remoto-433mhz/?srsltid=AfmBOoqIeuuR8kyJC_jThYJXCz694zqpsDszQt4czfOUxYNyx8I2O-wmqls | N23: =O23/1.19 -> 38831.933 | O23: 46210 | Q23: https://ssdielect.com/control-remoto-rf-y-receptores/4906-kr2201b.html | R23: =S23/1.19 -> 36680.672 | S23: 43650 | U23: https://www.mercadolibre.com.co/modulo-receptor--control-transmisor-rf433-modelo-dc12v1/up/MCOU2868778029?matt_tool=19390127&utm_source=google_shopping&utm_medium=organic&pdp_filters=item_id%3AMCO2757064326&from=gshop | V23: =AVERAGE(K23,O23,S23) -> 44586.667 | W23: =_xlfn.STDEV.P(K23,O23,S23) -> 1152.3985 | X23: =W23/V23 -> 0.025846257 | Y23: =V23*G23 -> 668800
A24: 19 | B24: 46171619 | C24: Caja o protección | D24: N/A | E24: Caja plástica Protección básica contra lluvia (IP54 aprox.) Ubicación en poste o pared | F24: unidad | G24: 15 | H24: N/A | I24: N/A | J24: =K24/1.19 -> 20952.101 | K24: 24933 | M24: https://www.mercadolibre.com.co/caja-electrica-exterior-de-plastico-for-proyecto/p/MCO2058485617?matt_tool=19390127&utm_source=google_shopping&utm_medium=organic&pdp_filters=item_id%3AMCO3801440098&from=gshop | N24: =O24/1.19 -> 13361.345 | O24: 15900 | Q24: https://www.exito.com/caja-plastica-pesada-cuadrada-resistente-103691170-mp/p?idsku=103691170&srsltid=AfmBOoqyv_0rMeFr-KMTUgjLTcmt2kWRhwcjGtJWKhQyGnPz1ilL2m96jN0 | R24: =S24/1.19 -> 23400.84 | S24: 27847 | U24: https://www.mercadolibre.com.co/caja-electrica-exterior-de-plastico-para-proyecto/p/MCO2035080402?matt_tool=19390127&utm_source=google_shopping&utm_medium=organic&pdp_filters=item_id%3AMCO4011894464&from=gshop | V24: =AVERAGE(K24,O24,S24) -> 22893.333 | W24: =_xlfn.STDEV.P(K24,O24,S24) -> 5086.1172 | X24: =W24/V24 -> 0.22216587 | Y24: =V24*G24 -> 343400
A25: 20 | B25: 46171619 | C25: Cableado básico | D25: N/A | E25: Tipo: Cable dúplex (dos conductores) para baja tensión Material conductor: Cobre Calibre recomendado: 2x18 AWG o 2x16 AWG Aislamiento: PVC o material termoplástico resistente Uso: Interior y exterior (apto para intemperie) Voltaje de operación: 12V DC (sistemas de alarma) Color: Negro o rojo/negro (para identificación de polaridad) Flexibilidad: Media (facilita instalación en postes y paredes) 20 metros x sistema | F25: Metro lineal | G25: =15*20 -> 300 | H25: N/A | I25: N/A | J25: =K25/1.19 -> 2352.1008 | K25: 2799 | M25: https://www.homecenter.com.co/homecenter-co/product/154504/cable-duplex-2x16-100m-blanco-centelsa/154504/ | N25: =O25/1.19 -> 1260.5042 | O25: 1500 | Q25: https://roostech.co/cablesyalambres/cable-duplex-2x16-negro-x-metro/ | R25: =S25/1.19 -> 3134.4538 | S25: 3730 | U25: https://interelectricas.com.co/cable-en-cobre-encauchetado/2018-cable-encauchetado-2-x-16-awg-cobre-metro.html | V25: =AVERAGE(K25,O25,S25) -> 2676.3333 | W25: =_xlfn.STDEV.P(K25,O25,S25) -> 914.51639 | X25: =W25/V25 -> 0.34170496 | Y25: =V25*G25 -> 802900
A26: 21 | B26: 50192700 | C26: Refrigerios | D26: Refrigerio individual por participante en cada jornada de capacitación, el cual será suministrado debidamente empacado para consumo posterior o inmediato. | E26: Croissant fresco, avena personal y mazana. | F26: unidad | G26: 35 | H26: N/A | I26: N/A | J26: =K26/1.19 -> 6050.4202 | K26: 7200 | L26: 2026-13 INSTITUCION EDUCATIVA COLEGIO DE JESUS | M26: https://community.secop.gov.co/Public/Tendering/ContractNoticeManagement/Index?currentLanguage=es-CO&Page=login&Country=CO&SkinName=CCE | N26: N/A | O26: N/A | P26: N/A | Q26: N/A | R26: N/A | S26: N/A | T26: N/A | U26: N/A | V26: =AVERAGE(K26) -> 7200 | W26: =_xlfn.STDEV.P(K26) -> 0 | X26: =W26/V26 -> 0 | Y26: =V26*G26 -> 252000
E27: Palito de queso, malta y pera. | F27: unidad | G27: 35 | H27: N/A | I27: N/A | J27: =K27/1.19 -> 5882.3529 | K27: 7000 | N27: N/A | O27: N/A | P27: N/A | Q27: N/A | R27: N/A | S27: N/A | T27: N/A | U27: N/A | V27: =AVERAGE(K27) -> 7000 | W27: =_xlfn.STDEV.P(K27) -> 0 | X27: =W27/V27 -> 0 | Y27: =V27*G27 -> 245000
E28: Sandwich de jamón y queso, malta y sandia | F28: unidad | G28: 35 | H28: N/A | I28: N/A | J28: =K28/1.19 -> 5630.2521 | K28: 6700 | N28: N/A | O28: N/A | P28: N/A | Q28: N/A | R28: N/A | S28: N/A | T28: N/A | U28: N/A | V28: =AVERAGE(K28) -> 6700 | W28: =_xlfn.STDEV.P(K28) -> 0 | X28: =W28/V28 -> 0 | Y28: =V28*G28 -> 234500
E29: Buñuelo, café con leche y mango | F29: unidad | G29: 35 | H29: N/A | I29: N/A | J29: =K29/1.19 -> 5210.084 | K29: 6200 | N29: N/A | O29: N/A | P29: N/A | Q29: N/A | R29: N/A | S29: N/A | T29: N/A | U29: N/A | V29: =AVERAGE(K29) -> 6200 | W29: =_xlfn.STDEV.P(K29) -> 0 | X29: =W29/V29 -> 0 | Y29: =V29*G29 -> 217000
E30: Ducales tentación, jugo natural y sandia | F30: unidad | G30: 35 | H30: N/A | I30: N/A | J30: =K30/1.19 -> 4285.7143 | K30: 5100 | N30: N/A | O30: N/A | P30: N/A | Q30: N/A | R30: N/A | S30: N/A | T30: N/A | U30: N/A | V30: =AVERAGE(K30) -> 5100 | W30: =_xlfn.STDEV.P(K30) -> 0 | X30: =W30/V30 -> 0 | Y30: =V30*G30 -> 178500
A31: 22 | B31: 90101700 | C31: Estación de bebida: | D31: N/A | E31: Se dispondrá de una estación de café durante cada jornada, garantizando el suministro de hasta dos (2) vasos por persona por día de actividad, incluyendo opciones como café y/o aromáticas (preferiblemente de hierbas), en condiciones adecuadas de higiene y servicio | F31: unidad | G31: 4 | H31: N/A | I31: N/A | J31: =K31/1.19 -> 39889.916 | K31: 47469 | L31: LP-2026-002 | M31: https://community.secop.gov.co/Public/Tendering/ContractNoticeManagement/Index?currentLanguage=es-CO&Page=login&Country=CO&SkinName=CCE | N31: N/A | O31: N/A | P31: N/A | Q31: N/A | R31: N/A | S31: N/A | T31: N/A | U31: N/A | V31: =AVERAGE(K31,O31,S31) -> 47469 | W31: =_xlfn.STDEV.P(K31) -> 0 | X31: =W31/V31 -> 0 | Y31: =V31*G31 -> 189876
A32: TOTAL COMPONENTE | Y32: =SUM(Y8:Y31) -> 40424915 | Z32: 85652000 | AA32: =Z32-Y32 -> 45227085
A33: INFORMACIÓN GENERAL | H33: COTIZACIONES | V33: ANÁLISIS
A34: Ítem | B34: CODIGO UNSPSC | C34: Bien/Servicio | D34: imagen de referencia | E34: Descripción | G34: Cantidad | H34: Cotización 1 | N34: Cotización 2 | R34: Cotización 3 | V34: PROMEDIO O MEDIA ARITMETICA | W34: DESVIACION ESTANDAR | X34: COEFICIENTE DE VARIACION (CV) | Y34: VALOR DE REFERENCIA PARA EL ESTUDIO DE MERCADO
F35: unidad de medida | H35: Valor unitario sin IVA (referencia) | I35: Valor unitario con IVA (referencia) | J35: Valor unitario sin IVA 2026 | K35: Valor unitario con IVA 2026 | L35: Proceso o referencia | M35: Link | N35: Valor unitarios sin IVA | O35: Valor unitarios con IVA | P35: Proceso o referencia | Q35: Link | R35: Valor unitarios sin IVA | S35: Valor unitarios con IVA | T35: Proceso o referencia | U35: Link
A36: COMPONENTE 6: GESTIÓN DEL RIESGO – OBRA DE MITIGACIÓN: “Suministrar mediante una bolsa logística de monto agotable, los insumos, materiales, equipos y servicios requeridos para la implementación de acciones de mitigación y/o mantenimiento en puntos críticos de la localidad de Antonio Nariño, conforme a las necesidades identificadas en el marco de intervenciones territoriales orientadas a la reducción del riesgo.”
A37: 1 | B37: 46181504 | C37: GUANTES DE NITRILO | D37: N/A | E37: 13" RESISTENTE CONTRA QUIMICOS COMBUSTIBLES SOLVENTES GRASAS | F37: Par | G37: 1 | H37: =I37/1.19 -> 8900 | I37: 10591 | J37: =K37/1.19 -> 10462.185 | K37: 12450 | L37: FDLAN-SASI-002-2024 | M37: https://www.secop.gov.co/CO1BusinessLine/Tendering/ProcedureEdit/View?docUniqueIdentifier=CO1.REQ.7227436&prevCtxLbl=Proceso&prevCtxUrl=https%3a%2f%2fwww.secop.gov.co%3a443%2fCO1BusinessLine%2fTendering%2fBuyerWorkArea%2fIndex%3fdocUniqueIdentifier%3dCO1.BDOS.7028789 | N37: N/A | O37: N/A | P37: N/A | Q37: N/A | R37: N/A | S37: N/A | T37: N/A | U37: N/A | V37: 12450 | W37: =_xlfn.STDEV.P(K37) -> 0 | X37: =W37/V37 -> 0 | Y37: =V37*G37 -> 12450
A38: 2 | B38: 46182504 | C38: GUANTES DE PROTECCIÓN | D38: N/A | E38: Par de guantes de protección elaborados en material mixto (algodón recubierto en látex o nitrilo), con palma antideslizante, ajuste elástico en muñeca y resistencia mínima para manipulación de residuos sólidos livianos, evitando contacto directo y promoviendo prácticas seguras | F38: unidad | G38: 1 | H38: =I38/1.19 -> 29121.008 | I38: 34654 | J38: =K38/1.19 -> 30606.18 | K38: =I38*(1+5.1%) -> 36421.354 | L38: FDLAN-LP-002-2025 OFERTA ECONOMICA AMBIENTE | M38: https://community.secop.gov.co/Public/Tendering/ContractNoticePhases/View?PPI=CO1.PPI.41809916&isFromPublicArea=True&isModal=False | N38: N/A | O38: N/A | P38: N/A | Q38: N/A | R38: N/A | S38: N/A | T38: N/A | U38: N/A | V38: 36421.354 | W38: =_xlfn.STDEV.P(K38) -> 0 | X38: =W38/V38 -> 0 | Y38: =V38*G38 -> 36421.354
A39: 3 | B39: 46182010 | C39: Tapabocas | D39: N/A | E39: TAPABOCAS DESECHABLE. (Según Apéndice Bioseguridad Covid 19) | F39: unidad | G39: 1 | H39: =I39/1.19 -> 282.35294 | I39: 336 | J39: =K39/1.19 -> 331.93277 | K39: 395 | L39: FDLAN-SASI-002-2024 | M39: https://www.secop.gov.co/CO1BusinessLine/Tendering/ProcedureEdit/View?docUniqueIdentifier=CO1.REQ.7227436&prevCtxLbl=Proceso&prevCtxUrl=https%3a%2f%2fwww.secop.gov.co%3a443%2fCO1BusinessLine%2fTendering%2fBuyerWorkArea%2fIndex%3fdocUniqueIdentifier%3dCO1.BDOS.7028789 | N39: N/A | O39: N/A | P39: N/A | Q39: N/A | R39: N/A | S39: N/A | T39: N/A | U39: N/A | V39: 395 | W39: =_xlfn.STDEV.P(K39) -> 0 | X39: =W39/V39 -> 0 | Y39: =V39*G39 -> 395
A40: 4 | B40: 46181804 | C40: Gafas de seguridad | D40: N/A | E40: N/A | F40: unidad | G40: 1 | H40: =I40/1.19 -> 6500 | I40: 7735 | J40: =K40/1.19 -> 7605.042 | K40: 9050 | L40: FDLAN-SASI-002-2024 | M40: https://www.secop.gov.co/CO1BusinessLine/Tendering/ProcedureEdit/View?docUniqueIdentifier=CO1.REQ.7227436&prevCtxLbl=Proceso&prevCtxUrl=https%3a%2f%2fwww.secop.gov.co%3a443%2fCO1BusinessLine%2fTendering%2fBuyerWorkArea%2fIndex%3fdocUniqueIdentifier%3dCO1.BDOS.7028789 | N40: N/A | O40: N/A | P40: N/A | Q40: N/A | R40: N/A | S40: N/A | T40: N/A | U40: N/A | V40: 9050 | W40: =_xlfn.STDEV.P(K40) -> 0 | X40: =W40/V40 -> 0 | Y40: =V40*G40 -> 9050
A41: 5 | B41: 27112000 | C41: Overol desechable anfluidos | D41: N/A | E41: MPERMEABLE INDUSTRIAL AMARILLO 2 PIEZAS CON CAPUCHA | F41: unidad | G41: 1 | H41: =I41/1.19 -> 48500 | I41: 57715 | J41: =K41/1.19 -> 57310.924 | K41: 68200 | L41: FDLAN-SASI-002-2024 | M41: https://www.secop.gov.co/CO1BusinessLine/Tendering/ProcedureEdit/View?docUniqueIdentifier=CO1.REQ.7227436&prevCtxLbl=Proceso&prevCtxUrl=https%3a%2f%2fwww.secop.gov.co%3a443%2fCO1BusinessLine%2fTendering%2fBuyerWorkArea%2fIndex%3fdocUniqueIdentifier%3dCO1.BDOS.7028789 | N41: N/A | O41: N/A | P41: N/A | Q41: N/A | R41: N/A | S41: N/A | T41: N/A | U41: N/A | V41: 68200 | W41: =_xlfn.STDEV.P(K41) -> 0 | X41: =W41/V41 -> 0 | Y41: =V41*G41 -> 68200
A42: 6 | B42: 27112002 | C42: Herramienta Pica | D42: N/A | E42: Herramienta manual tipo pica fabricada en acero reforzado con acabado anticorrosivo y mango en madera inmunizada o fibra resistente. Diseñada para preparación de suelo, excavación, remoción de tierra y adecuaciones menores en huertas comunitarias. 50cm aprox. | F42: unidad | G42: 1 | H42: N/A | I42: N/A | J42: =K42/1.19 -> 80000 | K42: 95200 | L42: EM-093-2026 IC-038-2026 | M42: https://community.secop.gov.co/Public/Tendering/ContractNoticeManagement/Index?currentLanguage=es-CO&Page=login&Country=CO&SkinName=CCE | N42: N/A | O42: N/A | P42: N/A | Q42: N/A | R42: N/A | S42: N/A | T42: N/A | U42: N/A | V42: 95200 | W42: =_xlfn.STDEV.P(K42) -> 0 | X42: =W42/V42 -> 0 | Y42: =V42*G42 -> 95200
A43: 7 | B43: 27112003 | C43: Herramienta Palín | D43: N/A | E43: Herramienta manual tipo palín fabricada en acero reforzado con acabado anticorrosivo y mango en madera inmunizada o fibra resistente. Diseñada para preparación de suelo, excavación, remoción de tierra y adecuaciones menores en huertas comunitarias. 50cm aprox. | F43: unidad | G43: 1 | H43: N/A | I43: N/A | J43: =K43/1.19 -> 46331.092 | K43: 55134 | L43: EM-093-2026 IC-038-2026 | M43: https://community.secop.gov.co/Public/Tendering/ContractNoticeManagement/Index?currentLanguage=es-CO&Page=login&Country=CO&SkinName=CCE | N43: N/A | O43: N/A | P43: N/A | Q43: N/A | R43: N/A | S43: N/A | T43: N/A | U43: N/A | V43: 55134 | W43: =_xlfn.STDEV.P(K43) -> 0 | X43: =W43/V43 -> 0 | Y43: =V43*G43 -> 55134
A44: 8 | B44: 27112004 | C44: Pala | D44: N/A | E44: REDONDA No. 2 CON CABO | F44: unidad | G44: 1 | H44: =I44/1.19 -> 17736.134 | I44: 21106 | J44: =K44/1.19 -> 20798.319 | K44: 24750 | L44: FDLAN-SASI-002-2024 | M44: https://www.secop.gov.co/CO1BusinessLine/Tendering/ProcedureEdit/View?docUniqueIdentifier=CO1.REQ.7227436&prevCtxLbl=Proceso&prevCtxUrl=https%3a%2f%2fwww.secop.gov.co%3a443%2fCO1BusinessLine%2fTendering%2fBuyerWorkArea%2fIndex%3fdocUniqueIdentifier%3dCO1.BDOS.7028789 | N44: N/A | O44: N/A | P44: N/A | Q44: N/A | R44: N/A | S44: N/A | T44: N/A | U44: N/A | V44: 24750 | W44: =_xlfn.STDEV.P(K44) -> 0 | X44: =W44/V44 -> 0 | Y44: =V44*G44 -> 24750
A45: 9 | C45: Tierra negra | D45: N/A | E45: incluye fertilizante y cascarilla de arroz | F45: m3 | G45: 1 | H45: =I45/1.19 -> 55000 | I45: 65450 | J45: =K45/1.19 -> 64705.882 | K45: 77000 | L45: FDLAN-SASI-002-2024 | M45: https://www.secop.gov.co/CO1BusinessLine/Tendering/ProcedureEdit/View?docUniqueIdentifier=CO1.REQ.7227436&prevCtxLbl=Proceso&prevCtxUrl=https%3a%2f%2fwww.secop.gov.co%3a443%2fCO1BusinessLine%2fTendering%2fBuyerWorkArea%2fIndex%3fdocUniqueIdentifier%3dCO1.BDOS.7028789 | N45: N/A | O45: N/A | P45: N/A | Q45: N/A | R45: N/A | S45: N/A | T45: N/A | U45: N/A | V45: 77000 | W45: =_xlfn.STDEV.P(K45) -> 0 | X45: =W45/V45 -> 0 | Y45: =V45*G45 -> 77000
A46: 10 | B46: 10151700 | C46: RASTRILLOS | D46: N/A | E46: 14 DIENTES METÁLICO | F46: unidad | G46: 1 | H46: =I46/1.19 -> 13817.647 | I46: 16443 | J46: =K46/1.19 -> 16218.487 | K46: 19300 | L46: FDLAN-SASI-002-2024 | M46: https://www.secop.gov.co/CO1BusinessLine/Tendering/ProcedureEdit/View?docUniqueIdentifier=CO1.REQ.7227436&prevCtxLbl=Proceso&prevCtxUrl=https%3a%2f%2fwww.secop.gov.co%3a443%2fCO1BusinessLine%2fTendering%2fBuyerWorkArea%2fIndex%3fdocUniqueIdentifier%3dCO1.BDOS.7028789 | N46: N/A | O46: N/A | P46: N/A | Q46: N/A | R46: N/A | S46: N/A | T46: N/A | U46: N/A | V46: 19300 | W46: =_xlfn.STDEV.P(K46) -> 0 | X46: =W46/V46 -> 0 | Y46: =V46*G46 -> 19300
A47: 11 | B47: 24101510 | C47: Carretilla | D47: N/A | E47: Metalica con llanta antipinchazo | F47: unidad | G47: 1 | H47: =I47/1.19 -> 7936.1345 | I47: 9444 | J47: =K47/1.19 -> 9327.7311 | K47: 11100 | L47: FDLAN-SASI-002-2024 | M47: https://www.secop.gov.co/CO1BusinessLine/Tendering/ProcedureEdit/View?docUniqueIdentifier=CO1.REQ.7227436&prevCtxLbl=Proceso&prevCtxUrl=https%3a%2f%2fwww.secop.gov.co%3a443%2fCO1BusinessLine%2fTendering%2fBuyerWorkArea%2fIndex%3fdocUniqueIdentifier%3dCO1.BDOS.7028789 | N47: N/A | O47: N/A | P47: N/A | Q47: N/A | R47: N/A | S47: N/A | T47: N/A | U47: N/A | V47: 11100 | W47: =_xlfn.STDEV.P(K47) -> 0 | X47: =W47/V47 -> 0 | Y47: =V47*G47 -> 11100
A48: 12 | B48: 10151600 | C48: ESCOBAS | D48: N/A | E48: MANGO MADERA | F48: unidad | G48: 1 | H48: =I48/1.19 -> 5399.1597 | I48: 6425 | J48: =K48/1.19 -> 5945.1913 | K48: =I48*(1+5.1%)*(1+4.77%) -> 7074.7776 | L48: FDLAN-SASI-002-2024 | M48: https://www.secop.gov.co/CO1BusinessLine/Tendering/ProcedureEdit/View?docUniqueIdentifier=CO1.REQ.7227436&prevCtxLbl=Proceso&prevCtxUrl=https%3a%2f%2fwww.secop.gov.co%3a443%2fCO1BusinessLine%2fTendering%2fBuyerWorkArea%2fIndex%3fdocUniqueIdentifier%3dCO1.BDOS.7028789 | N48: N/A | O48: N/A | P48: N/A | Q48: N/A | R48: N/A | S48: N/A | T48: N/A | U48: N/A | V48: 7550 | W48: =_xlfn.STDEV.P(K48) -> 0 | X48: =W48/V48 -> 0 | Y48: =V48*G48 -> 7550
A49: 13 | B49: 30161800 | C49: LONAS | D49: N/A | E49: Saco Polip(Lona Blanca)(72gr.)(A=0.40m;L=0.76m). | F49: unidad | G49: 1 | H49: =I49/1.19 -> 931.09244 | I49: 1108 | J49: =K49/1.19 -> 1092.437 | K49: 1300 | L49: FDLAN-SASI-002-2024 | M49: https://www.secop.gov.co/CO1BusinessLine/Tendering/ProcedureEdit/View?docUniqueIdentifier=CO1.REQ.7227436&prevCtxLbl=Proceso&prevCtxUrl=https%3a%2f%2fwww.secop.gov.co%3a443%2fCO1BusinessLine%2fTendering%2fBuyerWorkArea%2fIndex%3fdocUniqueIdentifier%3dCO1.BDOS.7028789 | N49: N/A | O49: N/A | P49: N/A | Q49: N/A | R49: N/A | S49: N/A | T49: N/A | U49: N/A | V49: 1300 | W49: =_xlfn.STDEV.P(K49) -> 0 | X49: =W49/V49 -> 0 | Y49: =V49*G49 -> 1300
A50: 14 | B50: 10171500 | C50: POLISOMBRA | D50: N/A | E50: 65% (1x7m) R-800 NEGRA | F50: m2 | G50: 1 | H50: =I50/1.19 -> 2497.479 | I50: 2972 | J50: =K50/1.19 -> 2932.7731 | K50: 3490 | L50: FDLAN-SASI-002-2024 | M50: https://www.secop.gov.co/CO1BusinessLine/Tendering/ProcedureEdit/View?docUniqueIdentifier=CO1.REQ.7227436&prevCtxLbl=Proceso&prevCtxUrl=https%3a%2f%2fwww.secop.gov.co%3a443%2fCO1BusinessLine%2fTendering%2fBuyerWorkArea%2fIndex%3fdocUniqueIdentifier%3dCO1.BDOS.7028789 | N50: N/A | O50: N/A | P50: N/A | Q50: N/A | R50: N/A | S50: N/A | T50: N/A | U50: N/A | V50: 3490 | W50: =_xlfn.STDEV.P(K50) -> 0 | X50: =W50/V50 -> 0 | Y50: =V50*G50 -> 3490
A51: 15 | B51: 40141609 | C51: Cinta peligro | D51: N/A | E51: CINTA PARA SEÑALIZACION DE 500MT X 4" PELIGRO CALIBRE 3.5 | F51: rollo | G51: 1 | H51: =I51/1.19 -> 20924.37 | I51: 24900 | J51: =K51/1.19 -> 24621.849 | K51: 29300 | L51: FDLAN-SASI-002-2024 | M51: https://www.secop.gov.co/CO1BusinessLine/Tendering/ProcedureEdit/View?docUniqueIdentifier=CO1.REQ.7227436&prevCtxLbl=Proceso&prevCtxUrl=https%3a%2f%2fwww.secop.gov.co%3a443%2fCO1BusinessLine%2fTendering%2fBuyerWorkArea%2fIndex%3fdocUniqueIdentifier%3dCO1.BDOS.7028789 | N51: N/A | O51: N/A | P51: N/A | Q51: N/A | R51: N/A | S51: N/A | T51: N/A | U51: N/A | V51: 29300 | W51: =_xlfn.STDEV.P(K51) -> 0 | X51: =W51/V51 -> 0 | Y51: =V51*G51 -> 29300
A52: 16 | B52: 31211500 | C52: PINTURAS | D52: N/A | E52: ESMALTE DOMESTICO | F52: GLN | G52: 1 | H52: =I52/1.19 -> 56766.387 | I52: 67552 | J52: =K52/1.19 -> 66554.622 | K52: 79200 | L52: FDLAN-SASI-002-2024 | M52: https://www.secop.gov.co/CO1BusinessLine/Tendering/ProcedureEdit/View?docUniqueIdentifier=CO1.REQ.7227436&prevCtxLbl=Proceso&prevCtxUrl=https%3a%2f%2fwww.secop.gov.co%3a443%2fCO1BusinessLine%2fTendering%2fBuyerWorkArea%2fIndex%3fdocUniqueIdentifier%3dCO1.BDOS.7028789 | N52: N/A | O52: N/A | P52: N/A | Q52: N/A | R52: N/A | S52: N/A | T52: N/A | U52: N/A | V52: 79200 | W52: =_xlfn.STDEV.P(K52) -> 0 | X52: =W52/V52 -> 0 | Y52: =V52*G52 -> 79200
A53: 17 | B53: 31211500 | C53: PINTURAS | D53: N/A | E53: BASE AGUA PARA USO EXTERIOR | F53: GLN | G53: 1 | H53: =I53/1.19 -> 64033.613 | I53: 76200 | J53: =K53/1.19 -> 75042.017 | K53: 89300 | L53: FDLAN-SASI-002-2024 | M53: https://www.secop.gov.co/CO1BusinessLine/Tendering/ProcedureEdit/View?docUniqueIdentifier=CO1.REQ.7227436&prevCtxLbl=Proceso&prevCtxUrl=https%3a%2f%2fwww.secop.gov.co%3a443%2fCO1BusinessLine%2fTendering%2fBuyerWorkArea%2fIndex%3fdocUniqueIdentifier%3dCO1.BDOS.7028789 | N53: N/A | O53: N/A | P53: N/A | Q53: N/A | R53: N/A | S53: N/A | T53: N/A | U53: N/A | V53: 89300 | W53: =_xlfn.STDEV.P(K53) -> 0 | X53: =W53/V53 -> 0 | Y53: =V53*G53 -> 89300
A54: 18 | B54: 31211500 | C54: PINTURAS | D54: N/A | E54: BASE ACEITE | F54: GLN | G54: 1 | H54: =I54/1.19 -> 67226.891 | I54: 80000 | J54: =K54/1.19 -> 78823.529 | K54: 93800 | L54: FDLAN-SASI-002-2024 | M54: https://www.secop.gov.co/CO1BusinessLine/Tendering/ProcedureEdit/View?docUniqueIdentifier=CO1.REQ.7227436&prevCtxLbl=Proceso&prevCtxUrl=https%3a%2f%2fwww.secop.gov.co%3a443%2fCO1BusinessLine%2fTendering%2fBuyerWorkArea%2fIndex%3fdocUniqueIdentifier%3dCO1.BDOS.7028789 | N54: N/A | O54: N/A | P54: N/A | Q54: N/A | R54: N/A | S54: N/A | T54: N/A | U54: N/A | V54: 93800 | W54: =_xlfn.STDEV.P(K54) -> 0 | X54: =W54/V54 -> 0 | Y54: =V54*G54 -> 93800
A55: 19 | B55: 31211500 | C55: PINTURAS | D55: N/A | E55: VINILO TIPO 1 | F55: GLN | G55: 1 | H55: =I55/1.19 -> 52605.042 | I55: 62600 | J55: =K55/1.19 -> 61680.672 | K55: 73400 | L55: FDLAN-SASI-002-2024 | M55: https://www.secop.gov.co/CO1BusinessLine/Tendering/ProcedureEdit/View?docUniqueIdentifier=CO1.REQ.7227436&prevCtxLbl=Proceso&prevCtxUrl=https%3a%2f%2fwww.secop.gov.co%3a443%2fCO1BusinessLine%2fTendering%2fBuyerWorkArea%2fIndex%3fdocUniqueIdentifier%3dCO1.BDOS.7028789 | N55: N/A | O55: N/A | P55: N/A | Q55: N/A | R55: N/A | S55: N/A | T55: N/A | U55: N/A | V55: 73400 | W55: =_xlfn.STDEV.P(K55) -> 0 | X55: =W55/V55 -> 0 | Y55: =V55*G55 -> 73400
A56: 20 | B56: 31211500 | C56: PINTURAS | D56: N/A | E56: ACRÍLICA BASE SOLVENTE AMARILLO / BLANCO PARA DEMARCACION - PINTUTRAFICO | F56: GLN | G56: 1 | H56: =I56/1.19 -> 94117.647 | I56: 112000 | J56: =K56/1.19 -> 110504.2 | K56: 131500 | L56: FDLAN-SASI-002-2024 | M56: https://www.secop.gov.co/CO1BusinessLine/Tendering/ProcedureEdit/View?docUniqueIdentifier=CO1.REQ.7227436&prevCtxLbl=Proceso&prevCtxUrl=https%3a%2f%2fwww.secop.gov.co%3a443%2fCO1BusinessLine%2fTendering%2fBuyerWorkArea%2fIndex%3fdocUniqueIdentifier%3dCO1.BDOS.7028789 | N56: N/A | O56: N/A | P56: N/A | Q56: N/A | R56: N/A | S56: N/A | T56: N/A | U56: N/A | V56: 131500 | W56: =_xlfn.STDEV.P(K56) -> 0 | X56: =W56/V56 -> 0 | Y56: =V56*G56 -> 131500
A57: 21 | B57: 31211500 | C57: PINTURAS | D57: N/A | E57: ACRÍLICA BASE SOLVENTE AZUL / ROJO PARA DEMARCACION - PINTURA PARA TRAFICO | F57: GLN | G57: 1 | H57: =I57/1.19 -> 94117.647 | I57: 112000 | J57: =K57/1.19 -> 110504.2 | K57: 131500 | L57: FDLAN-SASI-002-2024 | M57: https://www.secop.gov.co/CO1BusinessLine/Tendering/ProcedureEdit/View?docUniqueIdentifier=CO1.REQ.7227436&prevCtxLbl=Proceso&prevCtxUrl=https%3a%2f%2fwww.secop.gov.co%3a443%2fCO1BusinessLine%2fTendering%2fBuyerWorkArea%2fIndex%3fdocUniqueIdentifier%3dCO1.BDOS.7028789 | N57: N/A | O57: N/A | P57: N/A | Q57: N/A | R57: N/A | S57: N/A | T57: N/A | U57: N/A | V57: 131500 | W57: =_xlfn.STDEV.P(K57) -> 0 | X57: =W57/V57 -> 0 | Y57: =V57*G57 -> 131500
A58: 22 | B58: 31211500 | C58: DISOLVENTE THINER | D58: N/A | E58: DISOLVENTE THINER | F58: GLN | G58: 1 | H58: =I58/1.19 -> 20588.235 | I58: 24500 | J58: =K58/1.19 -> 24285.714 | K58: 28900 | L58: FDLAN-SASI-002-2024 | M58: https://www.secop.gov.co/CO1BusinessLine/Tendering/ProcedureEdit/View?docUniqueIdentifier=CO1.REQ.7227436&prevCtxLbl=Proceso&prevCtxUrl=https%3a%2f%2fwww.secop.gov.co%3a443%2fCO1BusinessLine%2fTendering%2fBuyerWorkArea%2fIndex%3fdocUniqueIdentifier%3dCO1.BDOS.7028789 | N58: N/A | O58: N/A | P58: N/A | Q58: N/A | R58: N/A | S58: N/A | T58: N/A | U58: N/A | V58: 28900 | W58: =_xlfn.STDEV.P(K58) -> 0 | X58: =W58/V58 -> 0 | Y58: =V58*G58 -> 28900
A59: 23 | B59: 31211904 | C59: RODILLOS | D59: N/A | E59: RODILLO ESPUMA PARA PINTAR 9'' TIPO MASTER | F59: unidad | G59: 1 | H59: =I59/1.19 -> 10139.496 | I59: 12066 | J59: =K59/1.19 -> 11932.773 | K59: 14200 | L59: FDLAN-SASI-002-2024 | M59: https://www.secop.gov.co/CO1BusinessLine/Tendering/ProcedureEdit/View?docUniqueIdentifier=CO1.REQ.7227436&prevCtxLbl=Proceso&prevCtxUrl=https%3a%2f%2fwww.secop.gov.co%3a443%2fCO1BusinessLine%2fTendering%2fBuyerWorkArea%2fIndex%3fdocUniqueIdentifier%3dCO1.BDOS.7028789 | N59: N/A | O59: N/A | P59: N/A | Q59: N/A | R59: N/A | S59: N/A | T59: N/A | U59: N/A | V59: 14200 | W59: =_xlfn.STDEV.P(K59) -> 0 | X59: =W59/V59 -> 0 | Y59: =V59*G59 -> 14200
A60: 24 | B60: 31211904 | C60: RODILLOS | D60: N/A | E60: RODILLO 3" FELPA MANGO PLASTICO PARA VINILO | F60: unidad | G60: 1 | H60: =I60/1.19 -> 4944.5378 | I60: 5884 | J60: =K60/1.19 -> 5798.3193 | K60: 6900 | L60: FDLAN-SASI-002-2024 | M60: https://www.secop.gov.co/CO1BusinessLine/Tendering/ProcedureEdit/View?docUniqueIdentifier=CO1.REQ.7227436&prevCtxLbl=Proceso&prevCtxUrl=https%3a%2f%2fwww.secop.gov.co%3a443%2fCO1BusinessLine%2fTendering%2fBuyerWorkArea%2fIndex%3fdocUniqueIdentifier%3dCO1.BDOS.7028789 | N60: N/A | O60: N/A | P60: N/A | Q60: N/A | R60: N/A | S60: N/A | T60: N/A | U60: N/A | V60: 6900 | W60: =_xlfn.STDEV.P(K60) -> 0 | X60: =W60/V60 -> 0 | Y60: =V60*G60 -> 6900
... A83: 47 | B83: 10151500 | C83: SUMINISTRO DE HORTENSIA JUMBO - | D83: N/A | E83: FLOR AZUL (Incluye suministro al sitio de obra de 6 unidades por M2) | F83: unidad | G83: 1 | H83: =I83/1.19 -> 52000 | I83: 61880 | J83: =K83/1.19 -> 61176.471 | K83: 72800 | L83: FDLAN-SASI-002-2024 | M83: https://www.secop.gov.co/CO1BusinessLine/Tendering/ProcedureEdit/View?docUniqueIdentifier=CO1.REQ.7227436&prevCtxLbl=Proceso&prevCtxUrl=https%3a%2f%2fwww.secop.gov.co%3a443%2fCO1BusinessLine%2fTendering%2fBuyerWorkArea%2fIndex%3fdocUniqueIdentifier%3dCO1.BDOS.7028789 | N83: N/A | O83: N/A | P83: N/A | Q83: N/A | R83: N/A | S83: N/A | T83: N/A | U83: N/A | V83: 72800 | W83: =_xlfn.STDEV.P(K83) -> 0 | X83: =W83/V83 -> 0 | Y83: =V83*G83 -> 72800
A84: 48 | B84: 10151500 | C84: AGAPANTO - | D84: N/A | E84: Planta Ornamental | F84: unidad | G84: 1 | H84: =I84/1.19 -> 3957.038 | I84: =4309*109.28% -> 4708.8752 | J84: =K84/1.19 -> 4663.8655 | K84: 5550 | L84: FDLAN-SASI-002-2024 | M84: https://www.secop.gov.co/CO1BusinessLine/Tendering/ProcedureEdit/View?docUniqueIdentifier=CO1.REQ.7227436&prevCtxLbl=Proceso&prevCtxUrl=https%3a%2f%2fwww.secop.gov.co%3a443%2fCO1BusinessLine%2fTendering%2fBuyerWorkArea%2fIndex%3fdocUniqueIdentifier%3dCO1.BDOS.7028789 | N84: N/A | O84: N/A | P84: N/A | Q84: N/A | R84: N/A | S84: N/A | T84: N/A | U84: N/A | V84: 5550 | W84: =_xlfn.STDEV.P(K84) -> 0 | X84: =W84/V84 -> 0 | Y84: =V84*G84 -> 5550
A85: 49 | B85: 10151500 | C85: SUMINISTRO DE PENNISETUM | D85: N/A | E85: (Incluye suministro al sitio de obra de 16 unidades por M2) | F85: unidad | G85: 1 | H85: =I85/1.19 -> 72000 | I85: 85680 | J85: =K85/1.19 -> 84705.882 | K85: 100800 | L85: FDLAN-SASI-002-2024 | M85: https://www.secop.gov.co/CO1BusinessLine/Tendering/ProcedureEdit/View?docUniqueIdentifier=CO1.REQ.7227436&prevCtxLbl=Proceso&prevCtxUrl=https%3a%2f%2fwww.secop.gov.co%3a443%2fCO1BusinessLine%2fTendering%2fBuyerWorkArea%2fIndex%3fdocUniqueIdentifier%3dCO1.BDOS.7028789 | N85: N/A | O85: N/A | P85: N/A | Q85: N/A | R85: N/A | S85: N/A | T85: N/A | U85: N/A | V85: 100800 | W85: =_xlfn.STDEV.P(K85) -> 0 | X85: =W85/V85 -> 0 | Y85: =V85*G85 -> 100800
A86: 50 | B86: 10151500 | C86: SUMINISTRO DE LIRIOPE | D86: N/A | E86: (Incluye suministro al sitio de obra de 16 unidades por M2) | F86: unidad | G86: 1 | H86: =I86/1.19 -> 55000 | I86: 65450 | J86: =K86/1.19 -> 64705.882 | K86: 77000 | L86: FDLAN-SASI-002-2024 | M86: https://www.secop.gov.co/CO1BusinessLine/Tendering/ProcedureEdit/View?docUniqueIdentifier=CO1.REQ.7227436&prevCtxLbl=Proceso&prevCtxUrl=https%3a%2f%2fwww.secop.gov.co%3a443%2fCO1BusinessLine%2fTendering%2fBuyerWorkArea%2fIndex%3fdocUniqueIdentifier%3dCO1.BDOS.7028789 | N86: N/A | O86: N/A | P86: N/A | Q86: N/A | R86: N/A | S86: N/A | T86: N/A | U86: N/A | V86: 77000 | W86: =_xlfn.STDEV.P(K86) -> 0 | X86: =W86/V86 -> 0 | Y86: =V86*G86 -> 77000
A87: 51 | B87: 10151500 | C87: SUMINISTRO DE CLAVEL CHINO | D87: N/A | E87: (Incluye suministro al sitio de obra de 16 unidades por M2) | F87: unidad | G87: 1 | H87: =I87/1.19 -> 35000 | I87: 41650 | J87: =K87/1.19 -> 41134.454 | K87: 48950 | L87: FDLAN-SASI-002-2024 | M87: https://www.secop.gov.co/CO1BusinessLine/Tendering/ProcedureEdit/View?docUniqueIdentifier=CO1.REQ.7227436&prevCtxLbl=Proceso&prevCtxUrl=https%3a%2f%2fwww.secop.gov.co%3a443%2fCO1BusinessLine%2fTendering%2fBuyerWorkArea%2fIndex%3fdocUniqueIdentifier%3dCO1.BDOS.7028789 | N87: N/A | O87: N/A | P87: N/A | Q87: N/A | R87: N/A | S87: N/A | T87: N/A | U87: N/A | V87: 48950 | W87: =_xlfn.STDEV.P(K87) -> 0 | X87: =W87/V87 -> 0 | Y87: =V87*G87 -> 48950
A88: 52 | B88: 10171700 | C88: HERBICIDA | D88: N/A | E88: (APLICADO POR ASPERSIÓN) | F88: unidad | G88: 1 | H88: =I88/1.19 -> 22100.84 | I88: 26300 | J88: =K88/1.19 -> 26008.403 | K88: 30950 | L88: FDLAN-SASI-002-2024 | M88: https://www.secop.gov.co/CO1BusinessLine/Tendering/ProcedureEdit/View?docUniqueIdentifier=CO1.REQ.7227436&prevCtxLbl=Proceso&prevCtxUrl=https%3a%2f%2fwww.secop.gov.co%3a443%2fCO1BusinessLine%2fTendering%2fBuyerWorkArea%2fIndex%3fdocUniqueIdentifier%3dCO1.BDOS.7028789 | N88: N/A | O88: N/A | P88: N/A | Q88: N/A | R88: N/A | S88: N/A | T88: N/A | U88: N/A | V88: 30950 | W88: =_xlfn.STDEV.P(K88) -> 0 | X88: =W88/V88 -> 0 | Y88: =V88*G88 -> 30950
A89: 53 | B89: 46181901 | C89: PROTECCION AUDITIVA DE INSERTAR | D89: N/A | E89: (PAR) | F89: unidad | G89: 1 | H89: =I89/1.19 -> 1452.1008 | I89: 1728 | J89: =K89/1.19 -> 1705.8824 | K89: 2030 | L89: FDLAN-SASI-002-2024 | M89: https://www.secop.gov.co/CO1BusinessLine/Tendering/ProcedureEdit/View?docUniqueIdentifier=CO1.REQ.7227436&prevCtxLbl=Proceso&prevCtxUrl=https%3a%2f%2fwww.secop.gov.co%3a443%2fCO1BusinessLine%2fTendering%2fBuyerWorkArea%2fIndex%3fdocUniqueIdentifier%3dCO1.BDOS.7028789 | N89: N/A | O89: N/A | P89: N/A | Q89: N/A | R89: N/A | S89: N/A | T89: N/A | U89: N/A | V89: 2030 | W89: =_xlfn.STDEV.P(K89) -> 0 | X89: =W89/V89 -> 0 | Y89: =V89*G89 -> 2030
A90: 54 | B90: 46181604 | C90: BOTA CUERO | D90: N/A | E90: LISA NEGRA SEGURIDAD PUNTERA DE ACERO | F90: PAR | G90: 1 | H90: =I90/1.19 -> 58823.529 | I90: 70000 | J90: =K90/1.19 -> 69243.697 | K90: 82400 | L90: FDLAN-SASI-002-2024 | M90: https://www.secop.gov.co/CO1BusinessLine/Tendering/ProcedureEdit/View?docUniqueIdentifier=CO1.REQ.7227436&prevCtxLbl=Proceso&prevCtxUrl=https%3a%2f%2fwww.secop.gov.co%3a443%2fCO1BusinessLine%2fTendering%2fBuyerWorkArea%2fIndex%3fdocUniqueIdentifier%3dCO1.BDOS.7028789 | N90: N/A | O90: N/A | P90: N/A | Q90: N/A | R90: N/A | S90: N/A | T90: N/A | U90: N/A | V90: 82400 | W90: =_xlfn.STDEV.P(K90) -> 0 | X90: =W90/V90 -> 0 | Y90: =V90*G90 -> 82400
A91: 55 | B91: 46181605 | C91: BOTA DE CAUCHO, | D91: N/A | E91: CINTA AMARILLA, PUNTERA Y PLANTILLA EN ACERO | F91: PAR | G91: 1 | H91: =I91/1.19 -> 109243.7 | I91: 130000 | J91: =K91/1.19 -> 128067.23 | K91: 152400 | L91: FDLAN-SASI-002-2024 | M91: https://www.secop.gov.co/CO1BusinessLine/Tendering/ProcedureEdit/View?docUniqueIdentifier=CO1.REQ.7227436&prevCtxLbl=Proceso&prevCtxUrl=https%3a%2f%2fwww.secop.gov.co%3a443%2fCO1BusinessLine%2fTendering%2fBuyerWorkArea%2fIndex%3fdocUniqueIdentifier%3dCO1.BDOS.7028789 | N91: N/A | O91: N/A | P91: N/A | Q91: N/A | R91: N/A | S91: N/A | T91: N/A | U91: N/A | V91: 152400 | W91: =_xlfn.STDEV.P(K91) -> 0 | X91: =W91/V91 -> 0 | Y91: =V91*G91 -> 152400
A92: 56 | B92: 47121701 | C92: BOLSA PARA BASURA | D92: N/A | E92: TIPO INDUSTRIAL NEGRA DE 60 x 90 Cm CALIBRE 2 | F92: unidad | G92: 1 | H92: =I92/1.19 -> 10840.336 | I92: 12900 | J92: =K92/1.19 -> 12689.076 | K92: 15100 | L92: FDLAN-SASI-002-2024 | M92: https://www.secop.gov.co/CO1BusinessLine/Tendering/ProcedureEdit/View?docUniqueIdentifier=CO1.REQ.7227436&prevCtxLbl=Proceso&prevCtxUrl=https%3a%2f%2fwww.secop.gov.co%3a443%2fCO1BusinessLine%2fTendering%2fBuyerWorkArea%2fIndex%3fdocUniqueIdentifier%3dCO1.BDOS.7028789 | N92: N/A | O92: N/A | P92: N/A | Q92: N/A | R92: N/A | S92: N/A | T92: N/A | U92: N/A | V92: 15100 | W92: =_xlfn.STDEV.P(K92) -> 0 | X92: =W92/V92 -> 0 | Y92: =V92*G92 -> 15100
A93: PRESUPUESTO OFICIAL | Y93: 85138000

Sheet EM AMBIENTE
A1: ESTUDIO DE MERCADO Objeto: “Implementar acciones de gestión ambiental y gestión del riesgos en la localidad de Antonio Nariño, a través de la ejecución de actividades de Educación Ambiental, el fortalecimiento de Huertas Urbanas, el mantenimiento del Arbolado Urbano, la capacitación en la Separación en la Fuente y el Reciclaje, la ejecución de acciones orientadas al Fortalecimiento de Capacidades Comunitarias en Gestión del Riesgo y la implementación de Medidas de Mitigación. Vigencia 2026
A2: Proyecto de inversión: No 2568 "Acciones orientadas al fortalecimiento de la resiliencia climática de la localidad."
A3: Meta PDL: 1.1 PROCEDAS: Implementar 1 proceso comunitario de educación ambiental que promueven la conservación de la biodiversidad y el agua. 1.2. Implementar 4 huertas urbanas. 1.3. Mantener 1.000 árboles en zona urbana 1.4. Capacitar 200 personas en separación en la fuente y reciclaje.
A4: INFORMACIÓN GENERAL | H4: COTIZACIONES | V4: ANÁLISIS
A5: Ítem | B5: CODIGO UNSPSC | C5: Bien/Servicio | D5: imagen de referencia | E5: Descripción | G5: Cantidad | H5: Cotización 1 | N5: Cotización 2 | R5: Cotización 3 | V5: PROMEDIO O MEDIA ARITMETICA | W5: DESVIACION ESTANDAR | X5: COEFICIENTE DE VARIACION (CV) | Y5: VALOR DE REFERENCIA PARA EL ESTUDIO DE MERCADO
F6: unidad de medida | H6: Valor unitario sin IVA 2025 | I6: Valor unitario con IVA 2025 | J6: Valor unitario sin IVA 2026 | K6: Valor unitario con IVA 2026 | L6: Proceso o referencia | M6: Link | N6: Valor unitarios sin IVA | O6: Valor unitarios con IVA | P6: Proceso o referencia | Q6: Link | R6: Valor unitarios sin IVA | S6: Valor unitarios con IVA | T6: Proceso o referencia | U6: Link
A7: Componente 1. Educación Ambiental: Implementación de procesos comunitarios de educación ambiental orientados a la conservación de la biodiversidad, el recurso hídrico, el manejo adecuado de residuos y la apropiación del entorno urbano
A8: 1 | B8: 80111600 | C8: Capacitador o tallerista Educación Ambiental: | D8: N/A | E8: Profesional o tecnólogo en ciencias ambientales, educación ambiental o áreas afines, con experiencia en procesos pedagógicos comunitarios. (Minimos 2 proyectos) Experiencia: Minimo 2 proyectos Tiempo: Disponibilidad al 100% durante los 2 meses | F8: Meses | G8: 2 | H8: N/A | I8: N/A | J8: N/A | K8: 5860001 | L8: TABLA DE HONORARIOS - SECRETARIA DISTRITAL DE GOBIERNO Resolución No. 1124 del 11 de diciembre de 2024 Memorando No Rad. 20254000321923 "Valor de honorarios para contratos de prestación de servicios profesionales y de apoyo a la gestión – Vigencia 2026" | M8: https://www.alcaldiabogota.gov.co/sisjur/normas/Norma1.jsp?i=190718&dt=S | N8: N/A | O8: N/A | P8: N/A | Q8: N/A | R8: N/A | S8: N/A | T8: N/A | U8: N/A | V8: =AVERAGE(K8,O8,S8) -> 5860001 | W8: =_xlfn.STDEV.P(K8,O8,S8) -> 0 | X8: =W8/V8 -> 0 | Y8: =V8*G8 -> 11720002
A9: 2 | B9: 80111600 | C9: Gestor(a) territorial y logístico | D9: N/A | E9: Técnico, tecnólogo o bachiller con experiencia en logística, apoyo operativo, trabajo comunitario o proyectos ambientales y sociales. Experiencia: Minimos 6 meses Tiempo: Disponibilidad al 100% durante los 2 meses | F9: Meses | G9: 2 | H9: N/A | I9: N/A | J9: N/A | K9: 3095000 | L9: TABLA DE HONORARIOS - SECRETARIA DISTRITAL DE GOBIERNO Resolución No. 1124 del 11 de diciembre de 2024 Memorando No Rad. 20254000321923 "Valor de honorarios para contratos de prestación de servicios profesionales y de apoyo a la gestión – Vigencia 2026" | M9: https://www.alcaldiabogota.gov.co/sisjur/normas/Norma1.jsp?i=190718&dt=S | N9: N/A | O9: N/A | P9: N/A | Q9: N/A | R9: N/A | S9: N/A | T9: N/A | U9: N/A | V9: =AVERAGE(K9,O9,S9) -> 3095000 | W9: =_xlfn.STDEV.P(K9) -> 0 | X9: =W9/V9 -> 0 | Y9: =V9*G9 -> 6190000
A10: 3 | B10: 24111500 | C10: Bolsa Ecologíca reutilizable: | E10: Bolso tipo ecológico o ejecutivo elaborado en lona ecológica, PET reciclado, fibra reutilizada o material equivalente de alta resistencia, apto para uso diario y transporte de elementos personales o laborales. El bolso deberá contar con: • Costuras reforzadas. • Manijas resistentes. • Capacidad mínima aproximada entre 10 y 15 litros. • Diseño práctico y liviano. • Color institucional verde o combinación con colores ambientales. • Impresión institucional a una tinta o full color. La impresión deberá incluir: • Logo de la Alcaldía Local de Antonio Nariño. • Imagen institucional de Bogotá. • Nombre del proyecto o estrategia ambiental. • Mensaje alusivo al cuidado ambiental o sostenibilidad. | F10: unidad | G10: 30 | H10: =I10/1.19 -> 12928.571 | I10: 15385 | J10: =K10/1.19 -> 13587.929 | K10: =I10*(1+5.1%) -> 16169.635 | L10: FDLAN-LP-002-2025 OFERTA ECONOMICA AMBIENTE | M10: https://community.secop.gov.co/Public/Tendering/ContractNoticePhases/View?PPI=CO1.PPI.41809916&isFromPublicArea=True&isModal=False | N10: N/A | O10: N/A | P10: N/A | Q10: N/A | R10: N/A | S10: N/A | T10: N/A | U10: N/A | V10: =AVERAGE(K10,O10,S10) -> 16169.635 | W10: =_xlfn.STDEV.P(K10) -> 0 | X10: =W10/V10 -> 0 | Y10: =V10*G10 -> 485089.05
A11: 4 | B11: 55101500 | C11: Cartilla de educación ambiental: | E11: Guía pedagógica con contenido práctico y aplicado orientado a comerciantes y comunidad, incluyendo temáticas de separación en la fuente, manejo de residuos textiles, economía circular y ahorro y uso eficiente del agua. Elaborada en papel reciclado, con diseño visual moderno, ilustraciones ambientales y diagramación institucional en color verde. Contenido práctico y aplicado: - Separación en la fuente - Manejo de residuos textiles - Economía circular - Ahorro y uso eficiente del agua - Manejo responsable de mascotas I mpacto ambiental de las excretas - Separación de residuos orgánicos | F11: unidad | G11: 30 | H11: =I11/1.19 -> 9281.5126 | I11: 11045 | J11: =K11/1.19 -> 9754.8697 | K11: =I11*(1+5.1%) -> 11608.295 | L11: FDLAN-LP-002-2025 OFERTA ECONOMICA AMBIENTE | M11: https://community.secop.gov.co/Public/Tendering/ContractNoticePhases/View?PPI=CO1.PPI.41809916&isFromPublicArea=True&isModal=False | N11: N/A | O11: N/A | P11: N/A | Q11: N/A | R11: N/A | S11: N/A | T11: N/A | U11: N/A | V11: =AVERAGE(K11,O11,S11) -> 11608.295 | W11: =_xlfn.STDEV.P(K11) -> 0 | X11: =W11/V11 -> 0 | Y11: =V11*G11 -> 348248.85
A12: 5 | B12: 44111500 | C12: Agenda ecológica | E12: Agenda elaborada en papel reciclado o materiales sostenibles, tamaño media carta o A5, con diseño institucional y contenido ambiental pedagógico. Debe incluir portada ecológica, hojas recicladas y personalización con logos del proyecto y mensajes de sostenibilidad. | F12: unidad | G12: 30 | H12: N/A | I12: N/A | J12: 5200 | K12: =J12*1.19 -> 6188 | M12: https://dotacionesindustriales.com/V16/cb/agendas-y-cuadernos/157-agenda-ecologica.html?srsltid=AfmBOopNJP1dcji6GO_J66_FobSYAjFrze1WglVTrk0Cknf01MaJfDeyvO0 | N12: =O12/1.19 -> 5042.0168 | O12: 6000 | Q12: https://botones.com.co/productos/agenda-natural-5301/?srsltid=AfmBOooJCXaJBCQncgwgPS7AnrOksDYQ9IIJ1TyI4JEYG5oyAn8cR399gqw | R12: 5190 | S12: =R12*1.19 -> 6176.1 | U12: https://www.colombiangeek.com/products/libreta-ecologica-teen-of0500?variant=53470181851349&country=CO&currency=COP&utm_medium=product_sync&utm_source=google&utm_content=sag_organic&utm_campaign=sag_organic&srsltid=AfmBOopJjS2VPmdyZi6ieDtHcQpVw-TZ96oABTgS1OYyA0jJazmDsG58C6Y | V12: =AVERAGE(K12,O12,S12) -> 6121.3667 | W12: =_xlfn.STDEV.P(K12,O12,S12) -> 85.956591 | X12: =W12/V12 -> 0.014042059 | Y12: =V12*G12 -> 183641
A13: 6 | B13: 44121700 | C13: Esfero ecológico institucional | E13: Esfero fabricado en bambú, cartón reciclado o plástico reutilizado, con impresión institucional y mensaje ambiental. Debe ser resistente, liviano y de escritura fluida para uso permanente en actividades del proyecto. | F13: unidad | G13: 30 | H13: =I13/1.19 -> 1677.3109 | I13: 1996 | J13: =K13/1.19 -> 1762.8538 | K13: =I13*(1+5.1%) -> 2097.796 | L13: FDLAN-LP-002-2025 OFERTA ECONOMICA AMBIENTE | M13: https://community.secop.gov.co/Public/Tendering/ContractNoticePhases/View?PPI=CO1.PPI.41809916&isFromPublicArea=True&isModal=False | N13: N/A | O13: N/A | P13: N/A | Q13: N/A | R13: N/A | S13: N/A | T13: N/A | U13: N/A | V13: =AVERAGE(K13,O13,S13) -> 2097.796 | W13: =_xlfn.STDEV.P(K13) -> 0 | X13: =W13/V13 -> 0 | Y13: =V13*G13 -> 62933.88
A14: 7 | B14: 52151504 | C14: Taza o Mug ecológico reutilizable: | E14: Mug o vaso de 500ml reutilizable elaborado en material ecológico libre de BPA, fibra de bambú o polímero reutilizable. Debe incluir tapa de seguridad, diseño portátil y personalización institucional en color verde con alusion al tema ambiental, promoviendo la reducción de plásticos de un solo uso | F14: unidad | G14: 30 | H14: N/A | I14: N/A | J14: =K14/1.19 -> 25210.084 | K14: 30000 | M14: https://articulo.mercadolibre.com.co/MCO-869142685-mug-vasos-de-bambu-amigable-con-el-medio-ambiente-tazas-_JM?matt_tool=19390127&utm_source=google_shopping&utm_medium=organic | N14: =O14/1.19 -> 19327.731 | O14: 23000 | Q14: https://www.fundacionbioinn.com/product-page/mug-eco-fibra-de-bamb%C3%BA | R14: =S14/1.19 -> 20168.067 | S14: 24000 | U14: https://articulo.mercadolibre.com.co/MCO-653455448-mug-de-bambu-taza-vaso-amigable-con-el-medio-ambiente-_JM?matt_tool=19390127&utm_source=google_shopping&utm_medium=organic | V14: =AVERAGE(K14,O14,S14) -> 25666.667 | W14: =_xlfn.STDEV.P(K14,O14,S14) -> 3091.2062 | X14: =W14/V14 -> 0.1204366 | Y14: =V14*G14 -> 770000
A15: 8 | B15: 24112005 | C15: Mini composter portátil | E15: Balde reutilizado con perforaciones Incluye guía gráfica pegada al balde Enseña aprovechamiento real de residuos orgánicos Tipo: Compostera doméstica portátil Material: Polietileno de alta densidad (PEAD) o plástico reciclado resistente Capacidad: 18 a 25 litros Color: Preferiblemente oscuro (negro o verde) para favorecer el proceso térmico Uso: Aprovechamiento de residuos orgánicos domiciliarios Medida: mediano Perforaciones laterales de 0.5 – 1 cm de diámetro Distribución uniforme en el contenedor Permite circulación de oxígeno (compostaje aeróbico) | F15: unidad | G15: 30 | H15: N/A | I15: N/A | J15: =K15/1.19 -> 82352.941 | K15: 98000 | M15: https://www.mercadolibre.com.co/compostera-urbana-mini-icompost/up/MCOU2429502977?matt_tool=19390127&utm_source=google_shopping&utm_medium=organic&pdp_filters=item_id%3AMCO594262246&from=gshop | N15: =O15/1.19 -> 83949.58 | O15: 99900 | Q15: https://www.bioambientar.com/producto/mini-compostera-urbana/?utm_source=Google%20Shopping&utm_campaign=Productos%20BioAmbientar&utm_medium=cpc&utm_term=3564&srsltid=AfmBOorZ82I3ARBRO3fIvJc03rk0rS-muRGoXEbPEYsBWC0UR6Q3HexflQ0 | R15: =S15/1.19 -> 112605.04 | S15: 134000 | U15: https://articulo.mercadolibre.com.co/MCO-1930907949-compostera-para-residuos-de-cocina-vermicompostera-pequena-_JM?matt_tool=19390127&utm_source=google_shopping&utm_medium=organic | V15: =AVERAGE(K15,O15,S15) -> 110633.33 | W15: =_xlfn.STDEV.P(K15,O15,S15) -> 16540.926 | X15: =W15/V15 -> 0.14951123 | Y15: =V15*G15 -> 3319000
A16: 9 | B16: 24111500 | C16: Bolsas de separación de residuos | E16: Bolsas para separación en la fuente elaboradas en material reciclable o biodegradable, identificadas por colores según normativa nacional para facilitar la correcta clasificación de residuos. Blanco (aprovechables) Paquete x 10 unidades Tipo: Bolsas para basura Características: Bolsa de alta calidad, Peso: resistente a 30 kl de peso o 120 lts, Fabricadas con PEAD Contiene Paquete x 10 und Material: Polietileno de alta densidad Medidas: 70x90cm | F16: unidad | G16: 15 | H16: N/A | I16: N/A | J16: =K16/1.19 -> 23529.412 | K16: 28000 | L16: FDLC-LP-005-2026 | M16: https://community.secop.gov.co/Public/Tendering/ContractNoticeManagement/Index?currentLanguage=es-CO&Page=login&Country=CO&SkinName=CCE | N16: N/A | O16: N/A | P16: N/A | Q16: N/A | R16: N/A | S16: N/A | T16: N/A | U16: N/A | V16: =AVERAGE(K16,O16,S16) -> 28000 | W16: =_xlfn.STDEV.P(K16) -> 0 | X16: =W16/V16 -> 0 | Y16: =V16*G16 -> 420000
A17: 10 | B17: 24111500 | C17: Bolsas de separación de residuos: | E17: Bolsas para separación en la fuente elaboradas en material reciclable o biodegradable, identificadas por colores según normativa nacional para facilitar la correcta clasificación de residuos. Incluye bolsas de colores según normativa. Negro (no aprovechables) Tipo: Bolsas para basura Características: Bolsa de alta calidad, Peso: resistente a 30 kl de peso o 120 lts, Fabricadas con PEAD Contiene Paquete x 10 und Material: Polietileno de alta densidad Medidas: 70x90cm | F17: unidad | G17: 15 | H17: N/A | I17: N/A | J17: =K17/1.19 -> 23529.412 | K17: 28000 | L17: FDLC-LP-005-2026 | M17: https://community.secop.gov.co/Public/Tendering/ContractNoticeManagement/Index?currentLanguage=es-CO&Page=login&Country=CO&SkinName=CCE | N17: N/A | O17: N/A | P17: N/A | Q17: N/A | R17: N/A | S17: N/A | T17: N/A | U17: N/A | V17: =AVERAGE(K17,O17,S17) -> 28000 | W17: =_xlfn.STDEV.P(K17) -> 0 | X17: =W17/V17 -> 0 | Y17: =V17*G17 -> 420000
A18: 11 | B18: 24111500 | C18: Bolsas de separación de residuos: | E18: Bolsas para separación en la fuente elaboradas en material reciclable o biodegradable, identificadas por colores según normativa nacional para facilitar la correcta clasificación de residuos. Incluye bolsas de colores según normativa, capacidad 30 litros: Verde (orgánicos) Tipo: Bolsas para basura Características: Bolsa de alta calidad, Peso: resistente a 30 kl de peso o 120 lts, Fabricadas con PEAD Contiene Paquete x 10 und Material: Polietileno de alta densidad Medidas: 70x90cm | F18: unidad | G18: 15 | H18: N/A | I18: N/A | J18: =K18/1.19 -> 23529.412 | K18: 28000 | L18: FDLC-LP-005-2026 | M18: https://community.secop.gov.co/Public/Tendering/ContractNoticeManagement/Index?currentLanguage=es-CO&Page=login&Country=CO&SkinName=CCE | N18: N/A | O18: N/A | P18: N/A | Q18: N/A | R18: N/A | S18: N/A | T18: N/A | U18: N/A | V18: =AVERAGE(K18,O18,S18) -> 28000 | W18: =_xlfn.STDEV.P(K18) -> 0 | X18: =W18/V18 -> 0 | Y18: =V18*G18 -> 420000
A19: 12 | B19: 24111500 | C19: Bolsas de separación de residuos: | E19: Bolsas para separación en la fuente elaboradas en material reciclable o biodegradable, identificadas por colores según normativa nacional para facilitar la correcta clasificación de residuos. Incluye bolsas de colores según normativa, capacidad 30 litros: Roja (peligrosos) Tipo: Bolsas para basura Características: Bolsa de alta calidad, Peso: resistente a 30 kl de peso o 120 lts, Fabricadas con PEAD Contiene Paquete x 10 und Material: Polietileno de alta densidad Medidas: 70x90cm | F19: unidad | G19: 15 | H19: N/A | I19: N/A | J19: =K19/1.19 -> 23529.412 | K19: 28000 | L19: FDLC-LP-005-2026 | M19: https://community.secop.gov.co/Public/Tendering/ContractNoticeManagement/Index?currentLanguage=es-CO&Page=login&Country=CO&SkinName=CCE | N19: N/A | O19: N/A | P19: N/A | Q19: N/A | R19: N/A | S19: N/A | T19: N/A | U19: N/A | V19: =AVERAGE(K19,O19,S19) -> 28000 | W19: =_xlfn.STDEV.P(K19) -> 0 | X19: =W19/V19 -> 0 | Y19: =V19*G19 -> 420000
A20: 13 | B20: 10151600 | C20: kit de siembra | E20: 1 Matera de fibra natural de coco. Semillas para plantar 1 Bolsa de sustrato de germinación. Tarjeta de seguimiento para cada planta. 3 Rotuladores de madera («palitos»). Caja del kit | F20: unidad | G20: 30 | H20: N/A | I20: N/A | J20: 20900 | K20: =J20*1.19 -> 24871 | M20: https://eco-regalos.com/Colombia/producto/kit-de-siembra-en-caja-tipo-lonchera-eco-regalos-cantidad-minima-20-unidades/?srsltid=AfmBOorpm_Q1eOltr8KVVpVkJdMbqFVt-yOAOeZjMWrt03TtasJy8RWGWoM | N20: =O20/1.19 -> 20924.37 | O20: 24900 | Q20: https://www.bioambientar.com/producto/regalos-corporativos-sostenibles-kit-de-siembra-mi-primer-arbol/?utm_source=Google%20Shopping&utm_campaign=Productos%20BioAmbientar&utm_medium=cpc&utm_term=2701&srsltid=AfmBOopZQu5vT7NUpVEsTpP8xGxaTuOZu3X8UJAvNnxG0BIw1proNeHJui4 | R20: =S20/1.19 -> 16806.723 | S20: 20000 | U20: https://cajadesuculentas.com/producto/kit-siembra-caja-de-suculentas/ | V20: =AVERAGE(K20,O20,S20) -> 23257 | W20: =_xlfn.STDEV.P(K20,O20,S20) -> 2303.0772 | X20: =W20/V20 -> 0.09902727 | Y20: =V20*G20 -> 697710
A21: 14 | B21: 10161500 | C21: Planta ornamental viva (tipo “billete” o “tronquito”): | E21: Planta ornamental viva de fácil mantenimiento y adaptación a interiores, entregada en matera plástica básica reutilizable. Su finalidad es promover la apropiación ambiental, el cuidado de elementos vivos y la sensibilización frente a la biodiversidad urbana y el reverdecimiento de espacios comerciales | F21: unidad | G21: 30 | H21: N/A | I21: N/A | J21: =K21/1.19 -> 15546.218 | K21: 18500 | M21: https://viveros-de-colombia-1.ueniweb.com/products/venta-de-plantas-para-interior/planta-de-billete-planta-del-dinero-53233067 | N21: =O21/1.19 -> 15042.017 | O21: 17900 | Q21: https://www.easy.com.co/planta-natural-de-interior-billete-p14-planticenter-1445706/p?idsku=1445706&srsltid=AfmBOophDPGhXzOnsxrduE1ezoQQeS8iHIUD5DGXXCsJY6k5gyqigjbPYZM | R21: =S21/1.19 -> 21008.403 | S21: 25000 | U21: https://www.tuti-boutique.com/planta-billete?srsltid=AfmBOoq4Mb7p9WJ-f2EALGWNgf-ynhh9BP8MEP2RaVhsCJqfANDCLbi8nG0 | V21: =AVERAGE(K21,O21,S21) -> 20466.667 | W21: =_xlfn.STDEV.P(K21,O21,S21) -> 3214.8959 | X21: =W21/V21 -> 0.1570796 | Y21: =V21*G21 -> 614000
A22: 15 | B22: 10111700 | C22: Kit de aseo para mascotas | D22: N/A | E22: Estuche cargador, Lima de uñas, Tijeras, cepillo desenredante, cepillo doble de dientes, cortauña, cuenco de agua, guante quita pelo, peine en acero inoxidable | F22: unidad | G22: 30 | H22: N/A | I22: N/A | J22: =K22/1.19 -> 54621.849 | K22: 65000 | M22: https://www.mercadolibre.com.co/kit-completo-de-aseo-para-mascotas-gatos-y-perros/up/MCOU2411691030?pdp_filters=item_id%3AMCO1352182983&from=gshop&matt_tool=61518023&matt_word=&matt_source=google&matt_campaign_id=22126928567&matt_ad_group_id=171342908817&matt_match_type=&matt_network=g&matt_device=c&matt_creative=729836843017&matt_keyword=&matt_ad_position=&matt_ad_type=pla&matt_merchant_id=5301048170&matt_product_id=MCOU2411691030&matt_product_partition_id=2389906790156&matt_target_id=aud-1917943295020:pla-2389906790156&cq_src=google_ads&cq_cmp=22126928567&cq_net=g&cq_plt=gp&cq_med=pla&gad_source=1&gad_campaignid=22126928567&gbraid=0AAAAAD1Dcoz0BaCiq5TNjKXnRtOGGheXo&gclid=Cj0KCQjw_vnQBhCxARIsADcZyxIHZ2JnMUX8gUxTZhqbOtg-mcmC9RHUGq0zupXArAcLeoA7-XABdpYaAuvkEALw_wcB | N22: 81310 | O22: =N22*1.19 -> 96758.9 | Q22: https://publicitar.com.co/tienda/variedades/mascotas/set-aseo-de-mascotas/?srsltid=AfmBOoqyqPUzxO0Z6S870aWg1YGYyK6gPXN3Vd8DE_DuUZHveYQjHFLj | R22: N/A | S22: N/A | T22: N/A | U22: N/A | V22: =AVERAGE(K22,O22) -> 80879.45 | W22: =_xlfn.STDEV.P(K22,O22) -> 15879.45 | X22: =W22/V22 -> 0.19633479 | Y22: =V22*G22 -> 2426383.5
A23: 16 | B23: 14111500 | C23: Certificado de asistencia | E23: CERTIFICACIÓN DE ASISTENCIA: Carta - 21.5 x 27,9 cm, Full color, papel grueso superior reciclado a 194 gr, a cada uno de los beneficiarios que participaron en todas las capacitaciones del componente ambiental, certificando su participación y compromiso indicando intensidad horaria. 1 para cada participante debe contener los diferentes logos institucionales Tamaño media Carta. | F23: unidad | G23: 30 | H23: =I23/1.19 -> 3501.6807 | I23: 4167 | J23: =K23/1.19 -> 3680.2664 | K23: =I23*(1+5.1%) -> 4379.517 | L23: FDLAN-LP-002-2025 OFERTA ECONOMICA AMBIENTE | M23: https://community.secop.gov.co/Public/Tendering/ContractNoticePhases/View?PPI=CO1.PPI.41809916&isFromPublicArea=True&isModal=False | N23: N/A | O23: N/A | P23: N/A | Q23: N/A | R23: N/A | S23: N/A | T23: N/A | U23: N/A | V23: =AVERAGE(K23,O23,S23) -> 4379.517 | W23: =_xlfn.STDEV.P(K23) -> 0 | X23: =W23/V23 -> 0 | Y23: =V23*G23 -> 131385.51
A24: 17 | B24: 50192700 | C24: Refrigerios | D24: Refrigerio individual por participante en cada jornada de capacitación, el cual será suministrado debidamente empacado para consumo posterior o inmediato. | E24: Croissant fresco, avena personal y mazana. | F24: unidad | G24: 35 | H24: N/A | I24: N/A | J24: =K24/1.19 -> 6050.4202 | K24: 7200 | L24: 2026-13 INSTITUCION EDUCATIVA COLEGIO DE JESUS | M24: https://community.secop.gov.co/Public/Tendering/ContractNoticeManagement/Index?currentLanguage=es-CO&Page=login&Country=CO&SkinName=CCE | N24: N/A | O24: N/A | P24: N/A | Q24: N/A | R24: N/A | S24: N/A | T24: N/A | U24: N/A | V24: =AVERAGE(K24) -> 7200 | W24: =_xlfn.STDEV.P(K24) -> 0 | X24: =W24/V24 -> 0 | Y24: =V24*G24 -> 252000
E25: Palito de queso, malta y pera. | F25: unidad | G25: 35 | H25: N/A | I25: N/A | J25: =K25/1.19 -> 5882.3529 | K25: 7000 | N25: N/A | O25: N/A | P25: N/A | Q25: N/A | R25: N/A | S25: N/A | T25: N/A | U25: N/A | V25: =AVERAGE(K25) -> 7000 | W25: =_xlfn.STDEV.P(K25) -> 0 | X25: =W25/V25 -> 0 | Y25: =V25*G25 -> 245000
E26: Sandwich de jamón y queso, malta y sandia | F26: unidad | G26: 35 | H26: N/A | I26: N/A | J26: =K26/1.19 -> 5630.2521 | K26: 6700 | N26: N/A | O26: N/A | P26: N/A | Q26: N/A | R26: N/A | S26: N/A | T26: N/A | U26: N/A | V26: =AVERAGE(K26) -> 6700 | W26: =_xlfn.STDEV.P(K26) -> 0 | X26: =W26/V26 -> 0 | Y26: =V26*G26 -> 234500
E27: Buñuelo, café con leche y mango | F27: unidad | G27: 35 | H27: N/A | I27: N/A | J27: =K27/1.19 -> 5210.084 | K27: 6200 | N27: N/A | O27: N/A | P27: N/A | Q27: N/A | R27: N/A | S27: N/A | T27: N/A | U27: N/A | V27: =AVERAGE(K27) -> 6200 | W27: =_xlfn.STDEV.P(K27) -> 0 | X27: =W27/V27 -> 0 | Y27: =V27*G27 -> 217000
E28: Ducales tentación, jugo natural y sandia | F28: unidad | G28: 35 | H28: N/A | I28: N/A | J28: =K28/1.19 -> 4285.7143 | K28: 5100 | N28: N/A | O28: N/A | P28: N/A | Q28: N/A | R28: N/A | S28: N/A | T28: N/A | U28: N/A | V28: =AVERAGE(K28) -> 5100 | W28: =_xlfn.STDEV.P(K28) -> 0 | X28: =W28/V28 -> 0 | Y28: =V28*G28 -> 178500
A29: 18 | B29: 90101700 | C29: Estación de café: | D29: N/A | E29: Se dispondrá de una estación de café durante cada jornada, garantizando el suministro de hasta dos (2) vasos por persona por día de actividad, incluyendo opciones como café y/o aromáticas (preferiblemente de hierbas), en condiciones adecuadas de higiene y servicio | F29: unidad | G29: 5 | H29: N/A | I29: N/A | J29: =K29/1.19 -> 39889.916 | K29: 47469 | L29: LP-2026-002 | M29: https://community.secop.gov.co/Public/Tendering/ContractNoticeManagement/Index?currentLanguage=es-CO&Page=login&Country=CO&SkinName=CCE | N29: N/A | O29: N/A | P29: N/A | Q29: N/A | R29: N/A | S29: N/A | T29: N/A | U29: N/A | V29: =AVERAGE(K29,O29,S29) -> 47469 | W29: =_xlfn.STDEV.P(K29) -> 0 | X29: =W29/V29 -> 0 | Y29: =V29*G29 -> 237345
A30: TOTAL COMPONENTE | Y30: =SUM(Y8:Y29) -> 29992739
A31: INFORMACIÓN GENERAL | H31: COTIZACIONES | V31: ANÁLISIS
A32: Ítem | B32: CODIGO UNSPSC | C32: Bien/Servicio | D32: imagen de referencia | E32: Descripción | G32: Cantidad | H32: Cotización 1 | N32: Cotización 2 | R32: Cotización 3 | V32: PROMEDIO O MEDIA ARITMETICA | W32: DESVIACION ESTANDAR | X32: COEFICIENTE DE VARIACION (CV) | Y32: VALOR DE REFERENCIA PARA EL ESTUDIO DE MERCADO
F33: unidad de medida | H33: Valor unitario sin IVA 2025 | I33: Valor unitario con IVA 2025 | J33: Valor unitario sin IVA 2026 | K33: Valor unitario con IVA 2026 | L33: Proceso o referencia | M33: Link | N33: Valor unitarios sin IVA | O33: Valor unitarios con IVA | P33: Proceso o referencia | Q33: Link | R33: Valor unitarios sin IVA | S33: Valor unitarios con IVA | T33: Proceso o referencia | U33: Link
A34: Componente 2. Huertas Urbanas: “Implementación de huertas urbanas con enfoque en plantas medicinales, como estrategia de sostenibilidad, fortalecimiento de la seguridad alimentaria, promoción del autocuidado, educación ambiental y aprovechamiento de espacios urbanos”
A35: 1 | B35: 80111600 | C35: Coordinador(a) general del proyecto: | D35: N/A | E35: Profesional en Ingeniería Ambiental, Ingeniería Forestal, Ingeniería Agronómica, Administración Ambiental, Biología, Ecología o áreas afines, con especialización en Gerencia de Proyectos, Gestión Ambiental, Gerencia Pública o áreas afines. Deberá acreditar mínimo cinco (5) años de experiencia profesional, contados a partir de la expedición de la tarjeta profesional cuando aplique, y mínimo tres (3) años de experiencia específica en la coordinación, dirección o gerencia de proyectos ambientales, comunitarios, de participación ciudadana o de gestión territorial. | F35: meses | G35: 6 | H35: N/A | I35: N/A | J35: N/A | K35: 7996001 | L35: TABLA DE HONORARIOS - SECRETARIA DISTRITAL DE GOBIERNO Resolución No. 1124 del 11 de diciembre de 2024 Memorando No Rad. 20254000408633 "Valor de honorarios para contratos de prestación de servicios profesionales y de apoyo a la gestión – Vigencia 2026" | M35: https://www.alcaldiabogota.gov.co/sisjur/normas/Norma1.jsp?i=190718&dt=S | N35: N/A | O35: N/A | P35: N/A | Q35: N/A | R35: N/A | S35: N/A | T35: N/A | U35: N/A | V35: =K35 -> 7996001 | W35: =_xlfn.STDEV.P(K36) -> 0 | X35: =W35/V35 -> 0 | Y35: =V35*G35 -> 47976006
A36: 2 | B36: 80111600 | C36: Capacitador o tallerista en huertas: | D36: N/A | E36: Profesional, tecnólogo o técnico en agronomía, agroecología, agricultura urbana o áreas afines, con experiencia en formación práctica y trabajo comunitario. Dedicación: 100% | F36: meses | G36: 1 | H36: N/A | I36: N/A | J36: N/A | K36: 5860001 | L36: TABLA DE HONORARIOS - SECRETARIA DISTRITAL DE GOBIERNO Resolución No. 1124 del 11 de diciembre de 2024 Memorando No Rad. 20254000408633 "Valor de honorarios para contratos de prestación de servicios profesionales y de apoyo a la gestión – Vigencia 2026" | M36: https://www.alcaldiabogota.gov.co/sisjur/normas/Norma1.jsp?i=190718&dt=S | N36: N/A | O36: N/A | P36: N/A | Q36: N/A | R36: N/A | S36: N/A | T36: N/A | U36: N/A | V36: =K36 -> 5860001 | W36: =_xlfn.STDEV.P(K37) -> 0 | X36: =W36/V36 -> 0 | Y36: =V36*G36 -> 5860001
A37: 3 | B37: 80111600 | C37: Capacitador o tallerista práctico | D37: N/A | E37: Promotor de la iniciativa de Agricultura Urbana. Mínimo un (1) proyecto de agricultura urbana y/o conformación de huertas. Dedicación: 100% | F37: meses | G37: 1 | H37: N/A | I37: N/A | J37: N/A | K37: 3095000 | L37: TABLA DE HONORARIOS - SECRETARIA DISTRITAL DE GOBIERNO Resolución No. 1124 del 11 de diciembre de 2024 Memorando No Rad. 20254000408633 "Valor de honorarios para contratos de prestación de servicios profesionales y de apoyo a la gestión – Vigencia 2026" | M37: https://www.alcaldiabogota.gov.co/sisjur/normas/Norma1.jsp?i=190718&dt=S | N37: N/A | O37: N/A | P37: N/A | Q37: N/A | R37: N/A | S37: N/A | T37: N/A | U37: N/A | V37: =AVERAGE(K37,O37,S37) -> 3095000 | W37: =_xlfn.STDEV.P(K37) -> 0 | X37: =W37/V37 -> 0 | Y37: =V37*G37 -> 3095000
A38: 4 | B38: 80111600 | C38: Gestor(a) territorial y logístico: | D38: N/A | E38: Técnico, tecnólogo o bachiller con experiencia en logística, apoyo operativo, trabajo comunitario o proyectos ambientales y sociales. | F38: meses | G38: 2 | H38: N/A | I38: N/A | J38: N/A | K38: 3095000 | L38: TABLA DE HONORARIOS - SECRETARIA DISTRITAL DE GOBIERNO Resolución No. 1124 del 11 de diciembre de 2024 Memorando No Rad. 20254000408633 "Valor de honorarios para contratos de prestación de servicios profesionales y de apoyo a la gestión – Vigencia 2026" | M38: https://www.alcaldiabogota.gov.co/sisjur/normas/Norma1.jsp?i=190718&dt=S | N38: N/A | O38: N/A | P38: N/A | Q38: N/A | R38: N/A | S38: N/A | T38: N/A | U38: N/A | V38: =AVERAGE(K38,O38,S38) -> 3095000 | W38: =_xlfn.STDEV.P(K38) -> 0 | X38: =W38/V38 -> 0 | Y38: =V38*G38 -> 6190000
A39: 5 | B39: 46181504 | C39: GUANTES DE JARDINERÍA | E39: Guantes de jardinería fabricados en material resistente y reutilizable, diseñados para actividades de siembra, manipulación de sustrato, mantenimiento de huertas urbanas y manejo básico de herramientas. Deben contar con palma reforzada, recubrimiento antideslizante y ajuste ergonómico que permita comodidad y protección durante las jornadas prácticas. | F39: unidad | G39: 20 | H39: =I39/1.19 -> 29121.008 | I39: 34654 | J39: =K39/1.19 -> 30606.18 | K39: =I39*(1+5.1%) -> 36421.354 | L39: FDLAN-LP-002-2025 OFERTA ECONOMICA AMBIENTE | M39: https://community.secop.gov.co/Public/Tendering/ContractNoticePhases/View?PPI=CO1.PPI.41809916&isFromPublicArea=True&isModal=False | N39: N/A | O39: N/A | P39: N/A | Q39: N/A | R39: N/A | S39: N/A | T39: N/A | U39: N/A | V39: =AVERAGE(K39,O39,S39) -> 36421.354 | W39: =_xlfn.STDEV.P(K39) -> 0 | X39: =W39/V39 -> 0 | Y39: =V39*G39 -> 728427.08
A40: 6 | B40: 27112000 | C40: Kit de herramientas de mano: | E40: Kit compuesto por palín, pala pequeña y rastrillo manual para actividades de siembra y mantenimiento de huertas urbanas. Herramientas fabricadas en acero inoxidable, acero pintado anticorrosivo o aluminio reforzado, con mango ergonómico en madera inmunizada o polímero resistente. Longitud aproximada entre 20 y 35 cm por herramienta. Aptas para manipulación de tierra, trasplante y aireación de sustrato | F40: unidad | G40: 20 | H40: N/A | I40: N/A | J40: =K40/1.19 -> 10084.034 | K40: 12000 | M40: https://www.viverosa.com.co/herramientas-x3-plantas-pequenas-madera-palin-rastrillo-pala?srsltid=AfmBOorNxahNvS89Ov9v5gFl6QDOVxD4qHoPaHqk05GRQOnUhvEcAFmTpls | N40: =O40/1.19 -> 9243.6975 | O40: 11000 | Q40: https://www.jordanbrans.com/producto/juego-de-3-herramientas-para-jardin-pretul/?srsltid=AfmBOooOrDANV3mAlHKmfcwY1rMaz15v5mpkt9u_QO8NTao2mizbRyR-Dl4 | R40: =S40/1.19 -> 9631.9328 | S40: 11462 | U40: https://www.mercadolibre.com.co/set-de-herramientas-de-jardineria-portatil/p/MCO2063526798 | V40: =AVERAGE(K40,O40,S40) -> 11487.333 | W40: =_xlfn.STDEV.P(K40,O40,S40) -> 408.64111 | X40: =W40/V40 -> 0.035573192 | Y40: =V40*G40 -> 229746.67
A41: 7 | B41: 10151700 | C41: Plántulas medicinales | E41: Plántulas medicinales vivas de especies aromáticas y medicinales de fácil mantenimiento, tales como hierbabuena, caléndula, ruda, toronjil o similares. Altura aproximada entre 10 y 20 cm, entregadas en bolsa de vivero o recipiente biodegradable. Plantas sanas, libres de plagas y enfermedades visibles, aptas para trasplante inmediato en huertas urbanas o materas domésticas.. | F41: unidad | G41: 40 | H41: =I41/1.19 -> 0 | I41: 0 | J41: 0 | K41: 459 | L41: EM-093-2026 IC-038-2026 | M41: https://community.secop.gov.co/Public/Tendering/ContractNoticeManagement/Index?currentLanguage=es-CO&Page=login&Country=CO&SkinName=CCE | N41: N/A | O41: N/A | P41: N/A | Q41: N/A | R41: N/A | S41: N/A | T41: N/A | U41: N/A | V41: =AVERAGE(K41,O41,S41) -> 459 | W41: =_xlfn.STDEV.P(K41) -> 0 | X41: =W41/V41 -> 0 | Y41: =V41*G41 -> 18360
A42: 8 | B42: 10151600 | C42: Semillas medicinales: | E42: Sobres de semillas medicinales y aromáticas con porcentaje de germinación superior al 80%, aptas para agricultura urbana y huertas caseras. Empaque sellado e identificado con nombre de la especie e instrucciones básicas de siembra. Variedades de fácil adaptación climática y manejo comunitario.. | F42: unidad | G42: 40 | H42: =I42/1.19 -> 0 | I42: 0 | J42: =K42/1.19 -> 9243.6975 | K42: 11000 | L42: EM-085-2026 OC-085-2026 | M42: https://community.secop.gov.co/Public/Tendering/ContractNoticeManagement/Index?currentLanguage=es-CO&Page=login&Country=CO&SkinName=CCE | N42: N/A | O42: N/A | P42: N/A | Q42: N/A | R42: N/A | S42: N/A | T42: N/A | U42: N/A | V42: =AVERAGE(K42,O42,S42) -> 11000 | W42: =_xlfn.STDEV.P(K42) -> 0 | X42: =W42/V42 -> 0 | Y42: =V42*G42 -> 440000
A43: 9 | B43: 30161800 | C43: Cama para huerta casera: | E43: Cama modular para huerta urbana con dimensiones aproximadas de 50 cm de largo x 30 cm de ancho x 10 cm de alto, con patas de soporte de 10 cm de altura. Fabricada en madera inmunizada, plástico reciclado de alta densidad o material equivalente resistente a humedad y exposición exterior. Debe incluir estructura firme, uniones reforzadas y capacidad adecuada para contener sustrato y cultivos de ciclo corto. Debe estar cubierta con una lámina de polietileno negro impermeabilizante calibre mínimo 4 o equivalente, resistente a humedad, filtraciones y contacto permanente con sustrato orgánico. Diseñado para recubrimiento interno de camas de cultivo y protección estructural contra deterioro por agua y materia orgánica | F43: unidad | G43: 20 | H43: =I43/1.19 -> 0 | I43: 0 | J43: =K43/1.19 -> 117563.03 | K43: 139900 | M43: https://homecenter.falabella.com.co/homecenter-co/product/118853756/huerta-madera-rectangular-casera-24x35x55cm-pino/118853757 | N43: =O43/1.19 -> 168058.82 | O43: 199990 | Q43: https://www.ikea.com/co/es/p/stjaernanis-jardinera-exterior-acacia-90612029/ | R43: N/A | S43: N/A | T43: N/A | U43: N/A | V43: =AVERAGE(K43,O43,S43) -> 169945 | W43: =_xlfn.STDEV.P(K43,O43) -> 30045 | X43: =W43/V43 -> 0.17679249 | Y43: =V43*G43 -> 3398900
A44: 10 | B44: 10171500 | C44: Sustrato para siembra | E44: Sustrato orgánico para agricultura urbana compuesto por mezcla homogénea de tierra abonada, compost y materia orgánica estabilizada. Presentación aproximada de 10kg. Producto libre de residuos contaminantes, con buena capacidad de retención de humedad, aireación y aporte nutricional para cultivos ornamentales, aromáticos y medicinales. Paquete x 10kg | F44: unidades | G44: 20 | H44: =I44/1.19 -> 19393.277 | I44: 23078 | J44: =K44/1.19 -> 20382.334 | K44: =I44*(1+5.1%) -> 24254.978 | L44: FDLAN-LP-002-2025 OFERTA ECONOMICA AMBIENTE | M44: https://community.secop.gov.co/Public/Tendering/ContractNoticePhases/View?PPI=CO1.PPI.41809916&isFromPublicArea=True&isModal=False | N44: N/A | O44: N/A | P44: N/A | Q44: N/A | R44: N/A | S44: N/A | T44: N/A | U44: N/A | V44: =AVERAGE(K44,O44,S44) -> 24254.978 | W44: =_xlfn.STDEV.P(K44) -> 0 | X44: =W44/V44 -> 0 | Y44: =V44*G44 -> 485099.56
A45: 11 | B45: 40141609 | C45: Regadera pequeña: | E45: Regadera portátil con capacidad aproximada entre 1 y 2 litros, fabricada en plástico resistente de alta durabilidad. Debe incluir boquilla dispersora para riego uniforme, manija ergonómica y diseño liviano para fácil manipulación durante actividades de agricultura urbana y mantenimiento de plántulas. | F45: unidad | G45: 20 | H45: =I45/1.19 -> 29352.101 | I45: 34929 | J45: =K45/1.19 -> 30849.058 | K45: =I45*(1+5.1%) -> 36710.379 | L45: FDLAN-LP-002-2025 OFERTA ECONOMICA AMBIENTE | M45: https://community.secop.gov.co/Public/Tendering/ContractNoticePhases/View?PPI=CO1.PPI.41809916&isFromPublicArea=True&isModal=False | N45: N/A | O45: N/A | P45: N/A | Q45: N/A | R45: N/A | S45: N/A | T45: N/A | U45: N/A | V45: =AVERAGE(K45,O45,S45) -> 36710.379 | W45: =_xlfn.STDEV.P(K45) -> 0 | X45: =W45/V45 -> 0 | Y45: =V45*G45 -> 734207.58
A46: 12 | B46: 10171500 | C46: Fertilizante orgánico | E46: Fertilizante orgánico natural tipo compost, humus o abono ecológico estabilizado, apto para agricultura urbana y huertas caseras. Presentación mínima entre 500 g y 1 kg por unidad. Producto libre de contaminantes químicos agresivos, diseñado para mejorar las propiedades físicas y nutricionales del suelo y favorecer el crecimiento vegetal sostenible | F46: unidad | G46: 20 | H46: =I46/1.19 -> 0 | J46: =K46/1.19 -> 6722.6891 | K46: 8000 | L46: EM-093-2026 IC-038-2026 | M46: https://community.secop.gov.co/Public/Tendering/ContractNoticeManagement/Index?currentLanguage=es-CO&Page=login&Country=CO&SkinName=CCE | N46: N/A | O46: N/A | P46: N/A | Q46: N/A | R46: N/A | S46: N/A | T46: N/A | U46: N/A | V46: =AVERAGE(K46,O46,S46) -> 8000 | W46: =_xlfn.STDEV.P(K46) -> 0 | X46: =W46/V46 -> 0 | Y46: =V46*G46 -> 160000
A47: 13 | B47: 14111500 | C47: Certificado de asistencia | E47: CERTIFICACIÓN DE ASISTENCIA: Carta - 21.5 x 27,9 cm, Full color, papel grueso superior reciclado a 194 gr, a cada uno de los beneficiarios que participaron en todas las capacitaciones del componente ambiental, certificando su participación y compromiso indicando intensidad horaria. 1 para cada participante debe contener los diferentes logos institucionales Tamaño media Carta. | F47: unidad | G47: 20 | H47: =I47/1.19 -> 3501.6807 | I47: 4167 | J47: =K47/1.19 -> 3680.2664 | K47: =I47*(1+5.1%) -> 4379.517 | L47: FDLAN-LP-002-2025 OFERTA ECONOMICA AMBIENTE | M47: https://community.secop.gov.co/Public/Tendering/ContractNoticePhases/View?PPI=CO1.PPI.41809916&isFromPublicArea=True&isModal=False | N47: N/A | O47: N/A | P47: N/A | Q47: N/A | R47: N/A | S47: N/A | T47: N/A | U47: N/A | V47: =AVERAGE(K47,O47,S47) -> 4379.517 | W47: =_xlfn.STDEV.P(K47) -> 0 | X47: =W47/V47 -> 0 | Y47: =V47*G47 -> 87590.34
A48: 14 | B48: 50192700 | C48: Refrigerios | D48: Refrigerio individual por participante en cada jornada de capacitación, el cual será suministrado debidamente empacado para consumo posterior o inmediato. | E48: Croissant fresco, avena personal y mazana. | F48: unidad | G48: 25 | H48: N/A | I48: N/A | J48: =K48/1.19 -> 6050.4202 | K48: 7200 | L48: 2026-13 INSTITUCION EDUCATIVA COLEGIO DE JESUS | M48: https://community.secop.gov.co/Public/Tendering/ContractNoticeManagement/Index?currentLanguage=es-CO&Page=login&Country=CO&SkinName=CCE | N48: N/A | O48: N/A | P48: N/A | Q48: N/A | R48: N/A | S48: N/A | T48: N/A | U48: N/A | V48: =AVERAGE(K48) -> 7200 | W48: =_xlfn.STDEV.P(K48) -> 0 | X48: =W48/V48 -> 0 | Y48: =V48*G48 -> 180000
E49: Palito de queso, malta y pera. | F49: unidad | G49: 25 | H49: N/A | I49: N/A | J49: =K49/1.19 -> 5882.3529 | K49: 7000 | N49: N/A | O49: N/A | P49: N/A | Q49: N/A | R49: N/A | S49: N/A | T49: N/A | U49: N/A | V49: =AVERAGE(K49) -> 7000 | W49: =_xlfn.STDEV.P(K49) -> 0 | X49: =W49/V49 -> 0 | Y49: =V49*G49 -> 175000
E50: Sandwich de jamón y queso, malta y sandia | F50: unidad | G50: 25 | H50: N/A | I50: N/A | J50: =K50/1.19 -> 5630.2521 | K50: 6700 | N50: N/A | O50: N/A | P50: N/A | Q50: N/A | R50: N/A | S50: N/A | T50: N/A | U50: N/A | V50: =AVERAGE(K50) -> 6700 | W50: =_xlfn.STDEV.P(K50) -> 0 | X50: =W50/V50 -> 0 | Y50: =V50*G50 -> 167500
E51: Buñuelo, café con leche y mango | F51: unidad | G51: 25 | H51: N/A | I51: N/A | J51: =K51/1.19 -> 5210.084 | K51: 6200 | N51: N/A | O51: N/A | P51: N/A | Q51: N/A | R51: N/A | S51: N/A | T51: N/A | U51: N/A | V51: =AVERAGE(K51) -> 6200 | W51: =_xlfn.STDEV.P(K51) -> 0 | X51: =W51/V51 -> 0 | Y51: =V51*G51 -> 155000
E52: Ducales tentación, jugo natural y sandia | F52: unidad | G52: 25 | H52: N/A | I52: N/A | J52: =K52/1.19 -> 4285.7143 | K52: 5100 | N52: N/A | O52: N/A | P52: N/A | Q52: N/A | R52: N/A | S52: N/A | T52: N/A | U52: N/A | V52: =AVERAGE(K52) -> 5100 | W52: =_xlfn.STDEV.P(K52) -> 0 | X52: =W52/V52 -> 0 | Y52: =V52*G52 -> 127500
A53: 15 | B53: 90101700 | C53: Estación de café: | D53: N/A | E53: se dispondrá de una estación de café durante cada jornada, garantizando el suministro de hasta dos (2) vasos por persona por día de actividad, incluyendo opciones como café y/o aromáticas (preferiblemente de hierbas), en condiciones adecuadas de higiene y servicio | F53: unidad | G53: 5 | H53: N/A | I53: N/A | J53: =K53/1.19 -> 39889.916 | K53: 47469 | L53: LP-2026-002. | M53: https://community.secop.gov.co/Public/Tendering/ContractNoticeManagement/Index?currentLanguage=es-CO&Page=login&Country=CO&SkinName=CCE | N53: 0 | O53: N/A | P53: N/A | Q53: N/A | R53: N/A | S53: N/A | T53: N/A | U53: N/A | V53: =AVERAGE(K53,O53,S53) -> 47469 | W53: =_xlfn.STDEV.P(K53) -> 0 | X53: =W53/V53 -> 0 | Y53: =V53*G53 -> 237345
A54: TOTAL INSUMOS KIT | Y54: =SUM(Y35:Y53) -> 70445683
A55: FORTALECIMIENTO HUERTA LA 15
A56: 15 | B56: 46181504 | C56: Guantes de trabajo | E56: Guantes resistentes para labores agrícolas y de huerta urbana, fabricados en carnaza, nitrilo o material sintético reforzado, aptos para manipulación de tierra, herramientas, sustratos y actividades de mantenimiento. Deben contar con palma antideslizante, costuras reforzadas y ajuste ergonómico para protección y comodidad del usuario. 2 al mes x 12 meses | F56: unidad | G56: 5 | H56: =I56/1.19 -> 29121.008 | I56: 34654 | J56: =K56/1.19 -> 30606.18 | K56: =I56*(1+5.1%) -> 36421.354 | L56: FDLAN-LP-002-2025 OFERTA ECONOMICA AMBIENTE | M56: https://community.secop.gov.co/Public/Tendering/ContractNoticePhases/View?PPI=CO1.PPI.41809916&isFromPublicArea=True&isModal=False | N56: N/A | O56: N/A | P56: N/A | Q56: N/A | R56: N/A | S56: N/A | T56: N/A | U56: N/A | V56: =AVERAGE(K56) -> 36421.354 | W56: =_xlfn.STDEV.P(K56) -> 0 | X56: =W56/V56 -> 0 | Y56: =V56*G56 -> 182106.77
A57: 16 | B57: 27112002 | C57: Herramienta Pica | D57: N/A | E57: Herramienta manual tipo pica fabricada en acero reforzado con acabado anticorrosivo y mango en madera inmunizada o fibra resistente. Diseñada para preparación de suelo, excavación, remoción de tierra y adecuaciones menores en huertas comunitarias. 50cm aprox. | F57: unidad | G57: 3 | H57: N/A | I57: N/A | J57: =K57/1.19 -> 80000 | K57: 95200 | L57: EM-093-2026 IC-038-2026 | M57: https://community.secop.gov.co/Public/Tendering/ContractNoticeManagement/Index?currentLanguage=es-CO&Page=login&Country=CO&SkinName=CCE | N57: N/A | O57: N/A | P57: N/A | Q57: N/A | R57: N/A | S57: N/A | T57: N/A | U57: N/A | V57: =AVERAGE(K57) -> 95200 | W57: =_xlfn.STDEV.P(K57) -> 0 | X57: =W57/V57 -> 0 | Y57: =V57*G57 -> 285600
A58: 17 | B58: 27112003 | C58: Herramienta Palín | E58: Herramienta manual tipo palín fabricada en acero reforzado con acabado anticorrosivo y mango en madera inmunizada o fibra resistente. Diseñada para preparación de suelo, excavación, remoción de tierra y adecuaciones menores en huertas comunitarias. 50cm aprox. | F58: unidad | G58: 3 | H58: N/A | I58: N/A | J58: =K58/1.19 -> 46331.092 | K58: 55134 | L58: EM-093-2026 IC-038-2026 | M58: https://community.secop.gov.co/Public/Tendering/ContractNoticeManagement/Index?currentLanguage=es-CO&Page=login&Country=CO&SkinName=CCE | N58: N/A | O58: N/A | P58: N/A | Q58: N/A | R58: N/A | S58: N/A | T58: N/A | U58: N/A | V58: =AVERAGE(K58) -> 55134 | W58: =_xlfn.STDEV.P(K58) -> 0 | X58: =W58/V58 -> 0 | Y58: =V58*G58 -> 165402
A59: 18 | B59: 27112000 | C59: Kit de herramientas de jardinería: | E59: Kit básico de jardinería conformado por herramientas manuales como pala pequeña, palín, rastrillo, fabricadas en acero inoxidable o metal anticorrosivo con mangos ergonómicos. Aptas para labores de siembra, mantenimiento y manejo de huertas urbanas | F59: unidad | G59: 5 | H59: N/A | I59: N/A | J59: =K59/1.19 -> 10084.034 | K59: 12000 | M59: https://www.viverosa.com.co/herramientas-x3-plantas-pequenas-madera-palin-rastrillo-pala?srsltid=AfmBOorNxahNvS89Ov9v5gFl6QDOVxD4qHoPaHqk05GRQOnUhvEcAFmTpls | N59: =O59/1.19 -> 9243.6975 | O59: 11000 | Q59: https://www.jordanbrans.com/producto/juego-de-3-herramientas-para-jardin-pretul/?srsltid=AfmBOooOrDANV3mAlHKmfcwY1rMaz15v5mpkt9u_QO8NTao2mizbRyR-Dl4 | R59: =S59/1.19 -> 9631.9328 | S59: 11462 | U59: https://www.mercadolibre.com.co/set-de-herramientas-de-jardineria-portatil/p/MCO2063526798 | V59: =AVERAGE(K59,O59,S59) -> 11487.333 | W59: =_xlfn.STDEV.P(K59,O59,S59) -> 408.64111 | X59: =W59/V59 -> 0.035573192 | Y59: =V59*G59 -> 57436.667
A60: 19 | B60: 30152000 | C60: Camas para huerta: | E60: Estructura para huerta urbana fabricada en madera inmunizada o material equivalente resistente a humedad y exteriores. Debe incluir impermeabilización interna mediante plástico negro de alta resistencia. Dimensiones aproximadas de 4 metros de largo x 1 metro de ancho x 30 cm de alto, con patas de soporte de 50 cm de altura para facilitar manejo ergonómico y drenaje. Fabricada en madera inmunizada, plástico reciclado de alta densidad o material equivalente resistente a humedad y exposición exterior. Debe incluir estructura firme, uniones reforzadas y capacidad adecuada para contener sustrato y cultivos de ciclo corto. Debe estar cubierta con una lámina de polietileno negro impermeabilizante calibre mínimo 4 o equivalente, resistente a humedad, filtraciones y contacto permanente con sustrato orgánico. Diseñado para recubrimiento interno de camas de cultivo y protección estructural contra deterioro por agua y materia orgánica | F60: unidad | G60: 10 | H60: =I60/1.19 -> 262074.79 | I60: 311869 | J60: =K60/1.19 -> 275440.6 | K60: =I60*(1+5.1%) -> 327774.32 | L60: FDLAN-LP-002-2025 OFERTA ECONOMICA AMBIENTE | M60: https://community.secop.gov.co/Public/Tendering/ContractNoticePhases/View?PPI=CO1.PPI.41809916&isFromPublicArea=True&isModal=False | N60: N/A | O60: N/A | P60: N/A | Q60: N/A | R60: N/A | S60: N/A | T60: N/A | U60: N/A | V60: =AVERAGE(K60) -> 327774.32 | W60: =_xlfn.STDEV.P(K60) -> 0 | X60: =W60/V60 -> 0 | Y60: =V60*G60 -> 3277743.2
A61: 20 | B61: 10161800 | C61: Sustrato para siembra: | E61: Mezcla orgánica para llenado de camas de cultivo, compuesta por tierra abonada, compost y materia orgánica estabilizada. Producto con buena capacidad de retención de humedad, aireación y aporte nutricional para cultivos medicinales y agrícolas urbanos. Cantidad: 20 bultos de 20 kg | F61: unidad | G61: 20 | H61: =I61/1.19 -> 19393.277 | I61: 23078 | J61: =K61/1.19 -> 20382.334 | K61: =I61*(1+5.1%) -> 24254.978 | L61: FDLAN-LP-002-2025 OFERTA ECONOMICA AMBIENTE | M61: https://community.secop.gov.co/Public/Tendering/ContractNoticePhases/View?PPI=CO1.PPI.41809916&isFromPublicArea=True&isModal=False | N61: N/A | O61: N/A | P61: N/A | Q61: N/A | R61: N/A | S61: N/A | T61: N/A | U61: N/A | V61: =AVERAGE(K61) -> 24254.978 | W61: =_xlfn.STDEV.P(K61) -> 0 | X61: =W61/V61 -> 0 | Y61: =V61*G61 -> 485099.56
A62: 21 | B62: 10161504 | C62: Abono / Tierra negra: | E62: Materia orgánica para fertilización elaborada a partir de compost, humus o tierra negra enriquecida, apta para mejorar las propiedades físicas y nutricionales del suelo en procesos de agricultura urbana. Cantidad: 10 bultos de 20 kg | F62: unidad | G62: 20 | H62: =I62/1.19 -> 19394.118 | I62: 23079 | J62: =K62/1.19 -> 20383.218 | K62: =I62*(1+5.1%) -> 24256.029 | L62: FDLAN-LP-002-2025 OFERTA ECONOMICA AMBIENTE | M62: https://community.secop.gov.co/Public/Tendering/ContractNoticePhases/View?PPI=CO1.PPI.41809916&isFromPublicArea=True&isModal=False | N62: N/A | O62: N/A | P62: N/A | Q62: N/A | R62: N/A | S62: N/A | T62: N/A | U62: N/A | V62: =AVERAGE(K62) -> 24256.029 | W62: =_xlfn.STDEV.P(K62) -> 0 | X62: =W62/V62 -> 0 | Y62: =V62*G62 -> 485120.58
A63: 22 | B63: 30161800 | C63: Semillas medicinales: | D63: N/A | E63: Sobres de semillas medicinales y aromáticas con porcentaje de germinación superior al 80%, incluyendo variedades como caléndula, manzanilla, hierbabuena, ruda o similares. Aptas para agricultura urbana y procesos pedagógicos comunitarios. sobre x 1gr | F63: sobres | G63: 20 | H63: =I63/1.19 -> 0 | I63: 0 | J63: =K63/1.19 -> 9243.6975 | K63: 11000 | L63: EM-085-2026 OC-085-2026 | M63: https://community.secop.gov.co/Public/Tendering/ContractNoticeManagement/Index?currentLanguage=es-CO&Page=login&Country=CO&SkinName=CCE | N63: N/A | O63: N/A | P63: N/A | Q63: N/A | R63: N/A | S63: N/A | T63: N/A | U63: N/A | V63: =AVERAGE(K63) -> 11000 | W63: =_xlfn.STDEV.P(K63) -> 0 | X63: =W63/V63 -> 0 | Y63: =V63*G63 -> 220000
A64: 23 | B64: 10151700 | C64: Plántulas | E64: Plántulas vivas listas para siembra, libres de plagas y enfermedades visibles, correspondientes a especies medicinales o aromáticas de fácil adaptación climática y mantenimiento comunitario. | F64: unidad | G64: 20 | H64: =I64/1.19 -> 0 | I64: 0 | J64: 0 | K64: 459 | L64: EM-093-2026 IC-038-2026 | M64: https://community.secop.gov.co/Public/Tendering/ContractNoticeManagement/Index?currentLanguage=es-CO&Page=login&Country=CO&SkinName=CCE | N64: N/A | O64: N/A | P64: N/A | Q64: N/A | R64: N/A | S64: N/A | T64: N/A | U64: N/A | V64: =AVERAGE(K64) -> 459 | W64: =_xlfn.STDEV.P(K64) -> 0 | X64: =W64/V64 -> 0 | Y64: =V64*G64 -> 9180
A65: 24 | B65: 10171800 | C65: Hidrolato – Manzanilla: | E65: Extracto natural tipo hidrolato elaborado a partir de manzanilla, apto para control ecológico de plagas y fortalecimiento vegetal en cultivos urbanos. Presentación líquida lista para dilución y aplicación foliar. Cantidad: 1 litros | F65: unidad | G65: 3 | H65: N/A | I65: N/A | J65: 0 | K65: 38750 | M65: https://agroactivocol.com/products/fungicida-organico-hidrolato-de-manzanilla?variant=45726020436099&country=CO&currency=COP&utm_medium=product_sync&utm_source=google&utm_content=sag_organic&utm_campaign=sag_organic&srsltid=AfmBOopoRHo59pVqhqU4uzwujAf22FhhbdGdracvZJeqtwC7-4RIvlTlcXs | N65: =O65/1.19 -> 27941.176 | O65: 33250 | Q65: https://www.mercadolibre.com.co/hidrolato-artesanal-de-manzanilla-250ml/up/MCOU3855285598 | R65: N/A | S65: N/A | T65: N/A | U65: N/A | V65: =AVERAGE(K65,O65,S65) -> 36000 | W65: =_xlfn.STDEV.P(K65,O65,S65) -> 2750 | X65: =W65/V65 -> 0.076388889 | Y65: =V65*G65 -> 108000
A66: 25 | B66: 10171800 | C66: Hidrolato – Neem: | E66: Producto natural elaborado a base de neem para manejo ecológico de plagas y prevención fitosanitaria en huertas urbanas. Apto para aplicación foliar y control preventivo de insectos. Cantidad: 1 litros | F66: unidad | G66: 3 | H66: N/A | I66: N/A | J66: =K66/1.19 -> 58823.529 | K66: 70000 | L66: EM-093-2026 IC-038-2026 | M66: https://community.secop.gov.co/Public/Tendering/ContractNoticeManagement/Index?currentLanguage=es-CO&Page=login&Country=CO&SkinName=CCE | N66: N/A | O66: N/A | P66: N/A | Q66: N/A | R66: N/A | S66: N/A | T66: N/A | U66: N/A | V66: =AVERAGE(K66) -> 70000 | W66: =_xlfn.STDEV.P(K66) -> 0 | X66: =W66/V66 -> 0 | Y66: =V66*G66 -> 210000
A67: 26 | B67: 10171800 | C67: Hidrolato – Ruda: | E67: Extracto natural tipo hidrolato elaborado a partir de ruda, utilizado para control ecológico y manejo preventivo de plagas en agricultura urbana y cultivos medicinales. Cantidad: 1 litros | F67: unidad | G67: 3 | H67: N/A | I67: N/A | J67: =K67/1.19 -> 32563.025 | K67: 38750 | M67: https://agroactivocol.com/products/nematicida-extracto-de-ruda?variant=45726019354755&country=CO&currency=COP&utm_medium=product_sync&utm_source=google&utm_content=sag_organic&utm_campaign=sag_organic&srsltid=AfmBOorvl01EsY85kB-SXQiEBNK2F5pKdERl-69uh_aTSFte_-55vODT-qY | N67: =O67/1.19 -> 43033.613 | O67: 51210 | Q67: https://www.mercadolibre.com.co/hidrolato-de-ruda-de-1l/up/MCOU4023138891#polycard_client=recommendations_vip&reco_backend=ranker_compl&reco_model=rk_ctr_v1_retsys_comple_tpt&reco_client=vip&reco_item_pos=1&reco_backend_type=low_level&reco_id=8cf3a80c-88be-4a43-9f21-5e963e5ead0f&wid=MCO4017177520&sid=recos | R67: N/A | S67: N/A | T67: N/A | U67: N/A | V67: =AVERAGE(K67,O67) -> 44980 | W67: =_xlfn.STDEV.P(K67,O67) -> 6230 | X67: =W67/V67 -> 0.138506 | Y67: =V67*G67 -> 134940
A68: 27 | B68: 10171800 | C68: Jabón potásico: | E68: Producto biodegradable para manejo ecológico de plagas en cultivos urbanos, elaborado a base de sales potásicas. Apto para control de insectos blandos y limpieza foliar en agricultura urbana. Cantidad: 2 litros | F68: unidad | G68: 3 | H68: N/A | I68: N/A | J68: =K68/1.19 -> 23521.008 | K68: 27990 | M68: https://www.mercadolibre.com.co/jabon-potasico-jneem-aceite-de-neem-organico-1-l/p/MCO2069125546?pdp_filters=item_id%3AMCO2955198360&from=gshop&matt_tool=54388304&matt_word=&matt_source=google&matt_campaign_id=22126928555&matt_ad_group_id=171342892977&matt_match_type=&matt_network=g&matt_device=c&matt_creative=729836841976&matt_keyword=&matt_ad_position=&matt_ad_type=pla&matt_merchant_id=735129189&matt_product_id=MCO2069125546-product&matt_product_partition_id=2388008963226&matt_target_id=aud-2483636939670:pla-2388008963226&cq_src=google_ads&cq_cmp=22126928555&cq_net=g&cq_plt=gp&cq_med=pla&gad_source=4&gad_campaignid=22126928555&gbraid=0AAAAAD1DcoyipHhCCQQcgihn0lFURkSpZ&gclid=Cj0KCQjw2_TQBhCnARIsAF3-Xhw3L-SQM7vr-bPsabFsnqfjlCQMG5dJhMTjYv9iaoSjn0Npq0dC4EkaAiRDEALw_wcB | N68: =O68/1.19 -> 21008.403 | O68: 25000 | Q68: https://www.mercadolibre.com.co/jabon-potasico-combate-pulgon-mosca-blanca-hongos-1-lt/up/MCOU3866244473?pdp_filters=item_id%3AMCO3793586824&from=gshop&matt_tool=54388304&matt_word=&matt_source=google&matt_campaign_id=22126928555&matt_ad_group_id=171342892977&matt_match_type=&matt_network=g&matt_device=c&matt_creative=729836841976&matt_keyword=&matt_ad_position=&matt_ad_type=pla&matt_merchant_id=214831262&matt_product_id=MCOU3866244473&matt_product_partition_id=2388008963226&matt_target_id=aud-2483636939670:pla-2388008963226&cq_src=google_ads&cq_cmp=22126928555&cq_net=g&cq_plt=gp&cq_med=pla&gad_source=4&gad_campaignid=22126928555&gbraid=0AAAAAD1DcoyipHhCCQQcgihn0lFURkSpZ&gclid=Cj0KCQjw2_TQBhCnARIsAF3-XhzueOHYkZLuYHqBp409r9wGNAcjh0OE_ZuYKvhJHwomo2StKaex52gaAnbPEALw_wcB | R68: =S68/1.19 -> 25126.05 | S68: 29900 | U68: https://www.mercadolibre.com.co/jabon-potasico-1000ml/up/MCOU2432057619?pdp_filters=item_id%3AMCO871582113&from=gshop&matt_tool=54388304&matt_word=&matt_source=google&matt_campaign_id=22126928555&matt_ad_group_id=171342893017&matt_match_type=&matt_network=g&matt_device=c&matt_creative=729836841979&matt_keyword=&matt_ad_position=&matt_ad_type=pla&matt_merchant_id=238093894&matt_product_id=MCOU2432057619&matt_product_partition_id=2388008963266&matt_target_id=aud-2483636939670:pla-2388008963266&cq_src=google_ads&cq_cmp=22126928555&cq_net=g&cq_plt=gp&cq_med=pla&gad_source=4&gad_campaignid=22126928555&gbraid=0AAAAAD1DcoyipHhCCQQcgihn0lFURkSpZ&gclid=Cj0KCQjw2_TQBhCnARIsAF3-XhyBhHmD7NqNSJO9OUGfTBBlz9fP2gE79hWl8JiADiyPSQp8PMs3XHkaAiQ2EALw_wcB | V68: =AVERAGE(K68,O68,S68) -> 27630 | W68: =_xlfn.STDEV.P(K68,O68,S68) -> 2016.5482 | X68: =W68/V68 -> 0.07298401 | Y68: =V68*G68 -> 82890
A69: 28 | B69: 10171500 | C69: Humus líquido de lombriz: | E69: Fertilizante orgánico líquido derivado de lombricultura, rico en nutrientes y microorganismos benéficos. Apto para aplicación foliar o radicular en huertas urbanas y cultivos medicinales. Cantidad: 1 litros | F69: unidad | G69: 3 | H69: N/A | I69: N/A | J69: =K69/1.19 -> 4285.7143 | K69: 5100 | L69: EM-093-2026 IC-038-2026 | M69: https://community.secop.gov.co/Public/Tendering/ContractNoticeManagement/Index?currentLanguage=es-CO&Page=login&Country=CO&SkinName=CCE | N69: N/A | O69: N/A | P69: N/A | Q69: N/A | R69: N/A | S69: N/A | T69: N/A | U69: N/A | V69: =AVERAGE(K69) -> 5100 | W69: =_xlfn.STDEV.P(K69) -> 0 | X69: =W69/V69 -> 0 | Y69: =V69*G69 -> 15300
A70: 29 | B70: 44122100 | C70: Grapas: | D70: N/A | E70: Grapas metálicas galvanizadas para fijación de malla y estructuras livianas en madera o metal. Resistentes a humedad y uso exterior. Caja de 1kg | F70: cajas | G70: 2 | H70: N/A | I70: N/A | J70: =K70/1.19 -> 11344.538 | K70: 13500 | M70: https://agrofacil.co/products/grapa-galvanizada-plana-caja-x-1kg?srsltid=AfmBOooB7EK63pQ4UBy-A0WeQmi-9frZrlmhNQs7ut7cEbiHqBYgpLFG | N70: =O70/1.19 -> 13361.345 | O70: 15900 | Q70: https://www.homecenter.com.co/homecenter-co/product/514289/grapa-cerca-1-1-4-x-9-1000-g/514289/ | R70: =S70/1.19 -> 8636.1345 | S70: 10277 | U70: https://www.ferragro.com/products/grapa-1-x-9-x-kilos-1000-gr-puma?variant=43872041435331&country=CO&currency=COP&utm_medium=product_sync&utm_source=google&utm_content=sag_organic&utm_campaign=sag_organic&srsltid=AfmBOopRETIySrHPBP8V4pMSMvx3bosQo3JWtbNSJHxDJTrEMnSirs0Tkn4 | V70: =AVERAGE(K70,O70,S70) -> 13225.667 | W70: =_xlfn.STDEV.P(K70,O70,S70) -> 2303.7616 | X70: =W70/V70 -> 0.17418869 | Y70: =V70*G70 -> 26451.333
A71: 30 | B71: 30111600 | C71: Cemento: | D71: N/A | E71: Cemento gris para adecuaciones estructurales menores, fijación de postes y soporte de estructuras de huerta urbana. Material apto para exteriores y trabajos comunitarios básicos. Cantidad: 2 bultos de 25kg | F71: bultos | G71: 2 | H71: N/A | I71: N/A | J71: =K71/1.19 -> 14495.798 | K71: 17250 | M71: https://www.homecenter.com.co/homecenter-co/product/46902/cemento-argos-gris-25kg/46902/ | N71: =O71/1.19 -> 19900 | O71: 23681 | Q71: https://mitiendacoval.com/cemento-r1758/cemento-boyaca-super-fuerte-25-kg-holcim?srsltid=AfmBOoptYZBH7PU5Jrmh2i00DeUrEZJF-7JclgmffjRtgens9T3aIQREGCI | R71: =S71/1.19 -> 15462.185 | S71: 18400 | U71: https://www.metropoliscenter.com.co/p/cemento-gris-x-25-kg-1~2-bolsa-argos/?srsltid=AfmBOopzJ2U_eigGpuc4y0rLxnVyACr5boo_OSFyvFlNssUCJe9y27szgcE | V71: =AVERAGE(K71,O71,S71) -> 19777 | W71: =_xlfn.STDEV.P(K71,O71,S71) -> 2800.183 | X71: =W71/V71 -> 0.14158785 | Y71: =V71*G71 -> 39554
A72: 31 | B72: 11111600 | C72: Gravilla: | D72: N/A | E72: Material granular para adecuaciones menores, drenajes y bases estructurales en huertas urbanas y cerramientos comunitarios. Cantidad: 2 bultos x 25kg | F72: bultos | G72: 2 | H72: =I72/1.19 -> 0 | J72: =K72/1.19 -> 18991.597 | K72: 22600 | M72: https://laleneria.com/grava-bulto-25-kg/?srsltid=AfmBOoqM1A-qf7uPIoBPyHSlhQSsgKoAm2xonseodvt39HOOdV9hzIjgcx0 | N72: =O72/1.19 -> 16806.723 | O72: 20000 | Q72: https://www.geominerales.com.co/productos/grava-de-rio-multiusos-para-jardines-drenaje-costruccion/?variant=1284541982&pf=mc&srsltid=AfmBOoqB7p10aC3EbM_E3EaVmFHN_Z_AFA3SYUzrwK4wcFpkQsX2NDXQ-KE | R72: 0 | S72: N/A | T72: N/A | U72: N/A | V72: =AVERAGE(K72,O72) -> 21300 | W72: =_xlfn.STDEV.P(K72,O72) -> 1300 | X72: =W72/V72 -> 0.061032864 | Y72: =V72*G72 -> 42600
A73: 32 | B73: 30101506 | C73: Palos o listones de madera | D73: N/A | E73: en madera inmunizada o material equivalente resistente a exteriores, destinados a soporte y fabricación de puerta de acceso para cerramiento de huerta. 3mts de alto x 4,5cm de grosor. | F73: unidades | G73: 4 | H73: =I73/1.19 -> 9958.8235 | I73: 11851 | J73: =K73/1.19 -> 10466.724 | K73: =I73*(1+5.1%) -> 12455.401 | L73: FDLAN-LP-002-2025 OFERTA ECONOMICA AMBIENTE | M73: https://community.secop.gov.co/Public/Tendering/ContractNoticePhases/View?PPI=CO1.PPI.41809916&isFromPublicArea=True&isModal=False | N73: N/A | O73: N/A | P73: N/A | Q73: N/A | R73: N/A | S73: N/A | T73: N/A | U73: N/A | V73: =AVERAGE(K73) -> 12455.401 | W73: =_xlfn.STDEV.P(K73) -> 0 | X73: =W73/V73 -> 0 | Y73: =V73*G73 -> 49821.604
A74: 33 | B74: 46181500 | C74: Kit EPP (Huertero): | D74: Kit de elementos de protección personal conformado por overol, botas impermeables y gafas de seguridad, diseñado para labores agrícolas y mantenimiento de huertas urbanas. Materiales resistentes, cómodos y aptos para trabajo exterior. | E74: Overol | F74: unidad | G74: 1 | H74: N/A | I74: N/A | J74: =K74/1.19 -> 63025.21 | K74: 75000 | M74: https://agrofarbef.com/producto/overol-braga-seguridad-trabajo-industrial-drill/?attribute_pa_talla=l&srsltid=AfmBOoppicIhAOIrTv8wjxzHKm9PAtiDbqTySBXDMluh73_3epuHMyjdA_A | N74: =O74/1.19 -> 92352.941 | O74: 109900 | Q74: https://www.tierragro.com/products/overol-platina?variant=46319459369185&country=CO&currency=COP&utm_medium=product_sync&utm_source=google&utm_content=sag_organic&utm_campaign=sag_organic&srsltid=AfmBOoq5mxGgI6gOXZxzi45J2y9JBfx2ts7CY9iibLbfKxL1Gubw5nWfrIg | R74: N/A | S74: N/A | T74: N/A | U74: N/A | V74: =AVERAGE(K74,O74) -> 92450 | W74: =_xlfn.STDEV.P(K74,O74) -> 17450 | X74: =W74/V74 -> 0.18875068 | Y74: =V74*G74 -> 92450
E75: Botas de seguridad | F75: unidad | G75: 1 | H75: N/A | I75: N/A | J75: =K75/1.19 -> 105983.19 | K75: 126120 | M75: https://calzadokondor.com.co/products/bota-mundial-seguridad-tridensidad?variant=49004780486932&country=CO&currency=COP&utm_medium=product_sync&utm_source=google&utm_content=sag_organic&utm_campaign=sag_organic&gad_source=4&gad_campaignid=21276827962&gbraid=0AAAAACcICa-R5VHy-ViGcDAXMw4hA3w05&gclid=Cj0KCQjw_vnQBhCxARIsADcZyxLqaWMQU5doMq9fshxtqRMyoPOIR902Rt7Ug-JNKgYjoBhHRSbElioaAtdPEALw_wcB | N75: =O75/1.19 -> 102436.97 | O75: 121900 | Q75: https://croydon.com.co/products/botas-seguridad-falkor-negro-croydon-para-hombre?variant=51301529616704&country=CO&currency=COP&utm_medium=product_sync&utm_source=google&utm_content=sag_organic&utm_campaign=sag_organic&srsltid=AfmBOop2K5zphk-JnjSZRsPgLDGV5D1mi0EWq052aiJ2g9sSs9QFUk47fhM | R75: =S75/1.19 -> 79831.933 | S75: 95000 | U75: https://articulo.mercadolibre.com.co/MCO-617308287-bota-con-puntera-seguridad-liviana-gm-dielectrica-injectada-_JM?matt_tool=73073070&matt_word=&matt_source=google&matt_campaign_id=22126928591&matt_ad_group_id=171342926097&matt_match_type=&matt_network=g&matt_device=c&matt_creative=729836844364&matt_keyword=&matt_ad_position=&matt_ad_type=pla&matt_merchant_id=149383862&matt_product_id=MCO617308287-82057607673&matt_product_partition_id=2389905379916&matt_target_id=aud-2483636939670:pla-2389905379916&cq_src=google_ads&cq_cmp=22126928591&cq_net=g&cq_plt=gp&cq_med=pla&gad_source=1&gad_campaignid=22126928591&gbraid=0AAAAAD1Dcoza07WjV0faw54GUVEYAKu5L&gclid=Cj0KCQjw_vnQBhCxARIsADcZyxIRA3065XObvno7WGArffJft5gNrSpss5cDo5Nz7V0gC1Za75QoAUMaAh5CEALw_wcB | V75: =AVERAGE(K75,O75,S75) -> 114340 | W75: =_xlfn.STDEV.P(K75,O75,S75) -> 13783.536 | X75: =W75/V75 -> 0.12054868 | Y75: =V75*G75 -> 114340
E76: Gafas de seguridad | F76: unidad | G76: 1 | H76: N/A | I76: N/A | J76: =K76/1.19 -> 10840.336 | K76: 12900 | M76: https://www.homecenter.com.co/homecenter-co/product/136996/gafa-lente-claro-nitro-ii/136996/ | N76: =O76/1.19 -> 5882.3529 | O76: 7000 | Q76: https://soefecepp.com/gafas-de-seguridad/gafa-de-seguridad-en-policarbonato-road/?gad_source=4&gad_campaignid=20360541570&gbraid=0AAAAACc6LuQlSINX6UcHxA2UEIQHWV5TN&gclid=Cj0KCQjw_vnQBhCxARIsADcZyxJ-ooBgmCusbN1ty4G4dlcUNLl3gNwpuhiXu-YmDD1bBWVoAdLdGw8aAlXCEALw_wcB | R76: =S76/1.19 -> 8319.3277 | S76: 9900 | U76: https://www.mercadolibre.com.co/gafa-industrial-tipo-norton-transparente/up/MCOU3247211446?pdp_filters=item_id%3AMCO2906475180&from=gshop&matt_tool=96484171&matt_word=&matt_source=google&matt_campaign_id=22126928537&matt_ad_group_id=189737350525&matt_match_type=&matt_network=g&matt_device=c&matt_creative=791890234062&matt_keyword=&matt_ad_position=&matt_ad_type=pla&matt_merchant_id=5388146008&matt_product_id=MCOU3247211446&matt_product_partition_id=2453728249569&matt_target_id=aud-2198853242563:pla-2453728249569&cq_src=google_ads&cq_cmp=22126928537&cq_net=g&cq_plt=gp&cq_med=pla&gad_source=4&gad_campaignid=22126928537&gbraid=0AAAAAD1DcowZStrcvTrZ5S2CHxxZb-liH&gclid=Cj0KCQjw_vnQBhCxARIsADcZyxKOHf0RuQzo4MQK1udWpcCVXVuC5KIC8voucawZUI4hcH4BkyPV5O4aArVcEALw_wcB | V76: =AVERAGE(K76,O76,S76) -> 9933.3333 | W76: =_xlfn.STDEV.P(K76,O76,S76) -> 2408.7802 | X76: =W76/V76 -> 0.24249465 | Y76: =V76*G76 -> 9933.3333
A77: 34 | B77: 27112009 | C77: Tijeras de jardinería: | D77: N/A | E77: Tijeras manuales de poda fabricadas en acero inoxidable o acero templado con mango ergonómico antideslizante. Aptas para corte y mantenimiento de plantas ornamentales, medicinales y agrícolas. | F77: unidad | G77: 5 | H77: =I77/1.19 -> 41093.277 | I77: 48901 | J77: =K77/1.19 -> 43189.034 | K77: =I77*(1+5.1%) -> 51394.951 | L77: FDLAN-LP-002-2025 OFERTA ECONOMICA AMBIENTE | M77: https://community.secop.gov.co/Public/Tendering/ContractNoticePhases/View?PPI=CO1.PPI.41809916&isFromPublicArea=True&isModal=False | N77: N/A | O77: N/A | P77: N/A | Q77: N/A | R77: N/A | S77: N/A | T77: N/A | U77: N/A | V77: =AVERAGE(K77) -> 51394.951 | W77: =_xlfn.STDEV.P(K77) -> 0 | X77: =W77/V77 -> 0 | Y77: =V77*G77 -> 256974.75
A78: 35 | B78: 40141700 | C78: Sistema de recolección de aguas lluvias | E78: 1. Excavación manual y construcción de 03 dados de concreto para anclaje y estabilización de tubería del sistema de riego de huerta urbana de 155 m², incluye replanteo, corte y nivelación del terreno, retiro y disposición final de material sobrante, suministro, formaleta, vaciado y fraguado de concreto para dados de 10x10 cm, con aseguramiento y fijación de la tubería según condiciones técnicas requeridas para garantizar estabilidad y resistencia estructural. | F78: unidad | G78: 3 | H78: N/A | I78: N/A | J78: =K78/1.19 -> 168067.23 | K78: 200000 | L78: INSTITUCION EDUCATIVA DISTRITAL CEDID SAN PABLO BOSA Número del proceso: 18/2026 Título: SISTEMA DE RECOLECCION DE AGUAS LLUVIAS | M78: https://community.secop.gov.co/Public/Tendering/ContractNoticeManagement/Index?currentLanguage=es-CO&Page=login&Country=CO&SkinName=CCE | N78: N/A | O78: N/A | P78: N/A | Q78: N/A | R78: N/A | S78: N/A | T78: N/A | U78: N/A | V78: =AVERAGE(K78) -> 200000 | W78: =_xlfn.STDEV.P(K78) -> 0 | X78: =W78/V78 -> 0 | Y78: =V78*G78 -> 600000
E79: . Suministro, fabricación e instalación de estructura metálica para soporte de dos (2) tanques de almacenamiento de agua de 250 litros cada uno, elaborada en tubo estructural de 10x10 cm calibre 16. La estructura estará conformada por 03 tubos principales con altura aproximada de 1.50 m y dimensiones generales de 1.50 m x 1.50 m. Incluye suministro e instalación de platinas metálicas ancladas a dados de concreto, refuerzo mediante ángulo metálico de 1 1/2”, soportes intermedios de rigidización, cortes, soldadura, nivelación, alineación, anclajes, aplicación de anticorrosivo y acabado final, garantizando estabilidad, resistencia y adecuada capacidad de carga para la instalación y soporte seguro de los tanques. | F79: unidad | G79: 1 | H79: N/A | I79: N/A | J79: =K79/1.19 -> 2731092.4 | K79: 3250000 | L79: INSTITUCION EDUCATIVA DISTRITAL CEDID SAN PABLO BOSA Número del proceso: 18/2026 Título: SISTEMA DE RECOLECCION DE AGUAS LLUVIAS | M79: https://community.secop.gov.co/Public/Tendering/ContractNoticeManagement/Index?currentLanguage=es-CO&Page=login&Country=CO&SkinName=CCE | N79: N/A | O79: N/A | P79: N/A | Q79: N/A | R79: N/A | S79: N/A | T79: N/A | U79: N/A | V79: =AVERAGE(K79) -> 3250000 | W79: =_xlfn.STDEV.P(K79) -> 0 | X79: =W79/V79 -> 0 | Y79: =V79*G79 -> 3250000
E80: 3. Suministro e instalación de dos (2) tanques de almacenamiento de agua con capacidad individual de 250 litros, para abastecimiento del sistema de riego de huerta urbana de 155 m². Incluye transporte, ubicación, nivelación, fijación sobre estructura metálica, conexión hidráulica básica para funcionamiento, accesorios menores de instalación, pruebas de estabilidad y correcto funcionamiento, garantizando adecuada operación y seguridad del sistema instalado. | F80: unidad | G80: 2 | H80: N/A | I80: N/A | J80: =K80/1.19 -> 798319.33 | K80: 950000 | L80: INSTITUCION EDUCATIVA DISTRITAL CEDID SAN PABLO BOSA Número del proceso: 18/2026 Título: SISTEMA DE RECOLECCION DE AGUAS LLUVIAS | M80: https://community.secop.gov.co/Public/Tendering/ContractNoticeManagement/Index?currentLanguage=es-CO&Page=login&Country=CO&SkinName=CCE | N80: N/A | O80: N/A | P80: N/A | Q80: N/A | R80: N/A | S80: N/A | T80: N/A | U80: N/A | V80: =AVERAGE(K80) -> 950000 | W80: =_xlfn.STDEV.P(K80) -> 0 | X80: =W80/V80 -> 0 | Y80: =V80*G80 -> 1900000
E81: 4. Adecuación e instalación de sistema de conducción y distribución de agua para huerta urbana de 155 m² con 10 camas de siembra, incluye corte y adecuación de tubería de 4” en bajante de aguas lluvias para recolección y conducción hacia los tanques de almacenamiento, empalmes, aseguramiento y direccionamiento hidráulico para correcto llenado de los tanques. Incluye suministro e instalación de manguera para riego de aproximadamente 30 metros con accesorios y conexiones necesarias para su adecuado funcionamiento y aprovechamiento del sistema de captación de aguas lluvias, con distribución hacia las 10 camas de siembra. | F81: unidad | G81: 1 | H81: N/A | I81: N/A | J81: =K81/1.19 -> 919531.09 | K81: 1094242 | L81: INSTITUCION EDUCATIVA DISTRITAL CEDID SAN PABLO BOSA Número del proceso: 18/2026 Título: SISTEMA DE RECOLECCION DE AGUAS LLUVIAS | M81: https://community.secop.gov.co/Public/Tendering/ContractNoticeManagement/Index?currentLanguage=es-CO&Page=login&Country=CO&SkinName=CCE | N81: N/A | O81: N/A | P81: N/A | Q81: N/A | R81: N/A | S81: N/A | T81: N/A | U81: N/A | V81: =AVERAGE(K81) -> 1094242 | W81: =_xlfn.STDEV.P(K81) -> 0 | X81: =W81/V81 -> 0 | Y81: =V81*G81 -> 1094242
A82: 36 | B82: 39111500 | C82: Reflector solar LED para exteriores: | E82: Luminaria de mínimo 100W de potencia, con tecnología LED de alta eficiencia, protección mínima IP65 contra agua y polvo, luz blanca fría de aproximadamente 6500K, panel solar fotovoltaico independiente y batería recargable integrada. El reflector deberá permitir funcionamiento autónomo sin conexión a red eléctrica, incluir soporte de fijación y accesorios de instalación, y garantizar adecuada iluminación para las actividades de la huerta comunitaria en horario nocturno. El operador deberá realizar la instalación completa, incluyendo montaje, fijación, orientación del panel solar y pruebas de funcionamiento, garantizando su correcta operación | F82: unidad | G82: 2 | H82: N/A | I82: N/A | J82: =K82/1.19 -> 54537.815 | K82: 64900 | M82: https://www.homecenter.com.co/homecenter-co/product/346129/reflector-led-100w-luz-fria-10500-lumenes-ip65-sylvania/346129/?kid=shopp_goosho_1430598&shop=1&gad_source=4&gad_campaignid=22296499605&gbraid=0AAAAADt6wnqsK7wCgnZK2JJLwZi5F_S-h&gclid=Cj0KCQjw_vnQBhCxARIsADcZyxJH72g8i7fjvYrdM8zYJiDFEbeHiGNNsfOCmbIqZRS7WrWVz98eTjYaAvgpEALw_wcB | N82: =O82/1.19 -> 68654.622 | O82: 81699 | Q82: https://www.mercadolibre.com.co/reflector-solar-exterior-100w-panel-luz-led-blanca-control/up/MCOU2536575515?pdp_filters=item_id%3AMCO2445261804&from=gshop&matt_tool=22943444&matt_word=&matt_source=google&matt_campaign_id=22126928540&matt_ad_group_id=171342871657&matt_match_type=&matt_network=g&matt_device=c&matt_creative=729836840338&matt_keyword=&matt_ad_position=&matt_ad_type=pla&matt_merchant_id=5363298600&matt_product_id=MCOU2536575515&matt_product_partition_id=2388696182102&matt_target_id=aud-1918885411162:pla-2388696182102&cq_src=google_ads&cq_cmp=22126928540&cq_net=g&cq_plt=gp&cq_med=pla&gad_source=4&gad_campaignid=22126928540&gbraid=0AAAAAD1DcoxyQj3iJDKVIu6hVPKHYGLJ6&gclid=Cj0KCQjw_vnQBhCxARIsADcZyxJAz03r497Y6xbdjVLhS-si7iFMwjsOffuda1fCcJ0C47PualBnrZUaAs4aEALw_wcB | R82: =S82/1.19 -> 50420.168 | S82: 60000 | U82: https://www.mercadolibre.com.co/reflector-solar-led-100w-cclamp-recargable-ip67-con-panel-y-control-remoto/p/MCO29064533?pdp_filters=item_id%3AMCO1937498809&from=gshop&matt_tool=22943444&matt_word=&matt_source=google&matt_campaign_id=22126928540&matt_ad_group_id=171342871617&matt_match_type=&matt_network=g&matt_device=c&matt_creative=729836840335&matt_keyword=&matt_ad_position=&matt_ad_type=pla&matt_merchant_id=735129189&matt_product_id=MCO29064533-product&matt_product_partition_id=2393412341412&matt_target_id=aud-1918885411162:pla-2393412341412&cq_src=google_ads&cq_cmp=22126928540&cq_net=g&cq_plt=gp&cq_med=pla&gad_source=4&gad_campaignid=22126928540&gbraid=0AAAAAD1DcoxyQj3iJDKVIu6hVPKHYGLJ6&gclid=Cj0KCQjw_vnQBhCxARIsADcZyxJY8O24rmmQY0gzwDpu3bSohhLOd4Z-llVsbvULQFvgn47XhamdqXsaAkm8EALw_wcB | V82: =AVERAGE(K83,O82,S82) -> 70849.5 | W82: =_xlfn.STDEV.P(K82,O82,S82) -> 9291.9499 | X82: =W82/V82 -> 0.13115054 | Y82: =V82*G82 -> 141699
A83: TOTAL FORTALECIMIENTO | Y83: =SUM(Y56:Y82) -> 13336885
A84: TOTAL COMPONENTE | Y84: =Y54+Y83 -> 83782568
A85: INFORMACIÓN GENERAL | H85: COTIZACIONES | V85: ANÁLISIS
A86: Ítem | B86: CODIGO UNSPSC | C86: Bien/Servicio | D86: imagen de referencia | E86: Descripción | G86: Cantidad | H86: Cotización 1 | N86: Cotización 2 | R86: Cotización 3 | V86: PROMEDIO O MEDIA ARITMETICA | W86: DESVIACION ESTANDAR | X86: COEFICIENTE DE VARIACION (CV) | Y86: VALOR DE REFERENCIA PARA EL ESTUDIO DE MERCADO
F87: unidad de medida | H87: Valor unitario sin IVA 2025 | I87: Valor unitario con IVA 2025 | J87: Valor unitario sin IVA 2026 | K87: Valor unitario con IVA 2026 | L87: Proceso o referencia | M87: Link | N87: Valor unitarios sin IVA | O87: Valor unitarios con IVA | P87: Proceso o referencia | Q87: Link | R87: Valor unitarios sin IVA | S87: Valor unitarios con IVA | T87: Proceso o referencia | U87: Link
A88: Componente 3. Separación en la Fuente: Fortalecer la cultura ambiental, la participación comunitaria y las capacidades ciudadanas en la localidad de Antonio Nariño mediante la implementación de procesos de educación ambiental, separación en la fuente, reciclaje y aprovechamiento de residuos orgánicos, articulados con estrategias de limpieza comunitaria, puntos ecológicos, compostaje y apropiación del espacio público, contribuyendo a la reducción de residuos dispuestos inadecuadamente, el mejoramiento del entorno urbano y la sostenibilidad ambiental de la localidad
A89: 1 | B89: 80111600 | C89: Capacitador o tallerista en separación en la fuente y reciclaje: | D89: N/A | E89: Profesional, tecnólogo o técnico ambiental o áreas afines, con experiencia en gestión integral de residuos sólidos y reciclaje | F89: mees | G89: 2 | H89: N/A | I89: N/A | J89: N/A | K89: 5860001 | L89: TABLA DE HONORARIOS - SECRETARIA DISTRITAL DE GOBIERNO - Resolución No. 1124 del 11 de diciembre de 2024, memorando No Rad. 20254000408633 | M89: https://www.alcaldiabogota.gov.co/sisjur/normas/Norma1.jsp?i=190718&dt=S | N89: N/A | O89: N/A | P89: N/A | Q89: N/A | R89: N/A | S89: N/A | T89: N/A | U89: N/A | V89: =AVERAGE(K89,O89,S89) -> 5860001 | W89: =_xlfn.STDEV.P(K89) -> 0 | X89: =W89/V89 -> 0 | Y89: =V89*G89 -> 11720002
A90: 2 | B90: 80111600 | C90: Gestor(a) territorial y logístico: | D90: N/A | E90: Técnico, tecnólogo o bachiller con experiencia en logística, apoyo operativo, trabajo comunitario o proyectos ambientales y sociales. | F90: meses | G90: 2 | H90: N/A | I90: N/A | J90: N/A | K90: 3095000 | L90: TABLA DE HONORARIOS - SECRETARIA DISTRITAL DE GOBIERNO - Resolución No. 1124 del 11 de diciembre de 2024, memorando No Rad. 20254000408633 | M90: https://www.alcaldiabogota.gov.co/sisjur/normas/Norma1.jsp?i=190718&dt=S | N90: N/A | O90: N/A | P90: N/A | Q90: N/A | R90: N/A | S90: N/A | T90: N/A | U90: N/A | V90: =AVERAGE(K90,O90,S90) -> 3095000 | W90: =_xlfn.STDEV.P(K90) -> 0 | X90: =W90/V90 -> 0 | Y90: =V90*G90 -> 6190000
A91: 3 | B91: 24112005 | C91: Compostera: | E91: - Especificaciones técnicas mínimas: Compostera para excretas caninas de uso exterior. o Material en polietileno de alta densidad (HDPE) o equivalente resistente a intemperie. o Protección UV y acabado anticorrosivo. o Sistema de apertura mediante polea o mecanismo manual de elevación. o Sistema de ventilación lateral o superior para compostaje aeróbico. o Compartimiento inferior para extracción de material compostado. o Tapa superior con cierre de seguridad. o Estructura resistente a humedad, lluvia, radiación solar e impactos. o Color verde o institucional con señalización ambiental. o Capacidad aproximada entre 120 y 150 litros. o Altura aproximada entre 100 y 120 cm. o Sistema de anclaje metálico para fijación en concreto. o Uso apto para parques y espacio público. o Insumos y elementos requeridos El operador deberá suministrar e instalar como mínimo los siguientes elementos: - 1 compostera para excretas caninas. - 1 sistema de polea o mecanismo de apertura. - 1 base metálica de soporte. - Pernos y anclajes galvanizados. - Concreto para cimentación y fijación. - Material estructurante inicial para compostaje. - Señalización pedagógica instalada. - Tornillería y accesorios de fijación. - Elementos de protección y seguridad para instalación. - Herramientas y equipos necesarios para montaje. - Mano de obra calificada para instalación y puesta en funcionamiento. | F91: unidad | G91: 4 | H91: N/A | I91: N/A | J91: =K91/1.19 -> 621764.71 | K91: 739900 | M91: https://www.homecenter.com.co/homecenter-co/product/771628/compostera-giratoria-fdw-de-163-litros-con-doble-camara-y-facil-montaje/771628/ | N91: =O91/1.19 -> 596554.62 | O91: 709900 | Q91: https://homecenter.falabella.com.co/homecenter-co/product/146747571/Compostera-Giratoria-Doble-de-163-Litros-con-Puerta-Corrediza-para-Jardin/146747573 | R91: N/A | S91: N/A | T91: N/A | U91: N/A | V91: =AVERAGE(K91,O91) -> 724900 | W91: =_xlfn.STDEV.P(I91,O91) -> 0 | X91: =W91/V91 -> 0 | Y91: =V91*G91 -> 2899600
S92: N/A | T92: N/A | U92: N/A | W92: =_xlfn.STDEV.P(I92,O92,S92) -> #DIV/0! | X92: =W92/V92 -> #DIV/0! | Y92: =V92*G92 -> 0
S93: N/A | T93: N/A | U93: N/A | W93: =_xlfn.STDEV.P(I93,O93,S93) -> #DIV/0! | X93: =W93/V93 -> #DIV/0! | Y93: =V93*G93 -> 0
S94: N/A | T94: N/A | U94: N/A | W94: =_xlfn.STDEV.P(I94,O94,S94) -> #DIV/0! | X94: =W94/V94 -> #DIV/0! | Y94: =V94*G94 -> 0
S95: N/A | T95: N/A | U95: N/A | W95: =_xlfn.STDEV.P(I95,O95,S95) -> #DIV/0! | X95: =W95/V95 -> #DIV/0! | Y95: =V95*G95 -> 0
A96: 5 | B96: 55101500 | C96: Cartilla de educación ambiental: | E96: Guía pedagógica práctica dirigida a comerciantes y comunidad, enfocada en fortalecer la cultura ambiental, la separación en la fuente y el aprovechamiento adecuado de residuos sólidos. Elaborada en papel reciclado, con diseño institucional en color verde, ilustraciones ambientales y contenido de fácil comprensión. Contenido: - Separación en la fuente y clasificación de residuos. - Manejo adecuado de residuos textiles. - Reciclaje y economía circular. - Uso de puntos ecológicos y estaciones de separación. - Compostaje y aprovechamiento de residuos orgánicos. - Tenencia responsable de mascotas y manejo de excretas. - Ahorro y uso eficiente del agua. - Buenas prácticas ambientales para hogares y establecimientos comerciales. Especificaciones técnicas mínimas - Papel reciclado o ecológico. - Tamaño media carta o A5. - Impresión full color. - Diagramación institucional y pedagógica. - Entre 12 y 16 páginas. - Logos institucionales y del proyecto. | F96: unidad | G96: 200 | H96: =I96/1.19 -> 9281.5126 | I96: 11045 | J96: =K96/1.19 -> 9754.8697 | K96: =I96*(1+5.1%) -> 11608.295 | L96: FDLAN-LP-002-2025 OFERTA ECONOMICA AMBIENTE | M96: https://community.secop.gov.co/Public/Tendering/ContractNoticePhases/View?PPI=CO1.PPI.41809916&isFromPublicArea=True&isModal=False | N96: N/A | O96: N/A | P96: N/A | Q96: N/A | R96: N/A | S96: N/A | T96: N/A | U96: N/A | V96: =AVERAGE(K96) -> 11608.295 | W96: =_xlfn.STDEV.P(K96) -> 0 | X96: =W96/V96 -> 0 | Y96: =V96*G96 -> 2321659
A97: 3 | B97: 24111500 | C97: Bolsa Ecologíca reutilizable: | E97: Bolso tipo ecológico o ejecutivo elaborado en lona ecológica, PET reciclado, fibra reutilizada o material equivalente de alta resistencia, apto para uso diario y transporte de elementos personales o laborales. El bolso deberá contar con: • Costuras reforzadas. • Manijas resistentes. • Capacidad mínima aproximada entre 10 y 15 litros. • Diseño práctico y liviano. • Color institucional verde o combinación con colores ambientales. • Impresión institucional a una tinta o full color. La impresión deberá incluir: • Logo de la Alcaldía Local de Antonio Nariño. • Imagen institucional de Bogotá. • Nombre del proyecto o estrategia ambiental. • Mensaje alusivo al cuidado ambiental o sostenibilidad. | F97: unidad | G97: 200 | H97: =I97/1.19 -> 12928.571 | I97: 15385 | J97: =K97/1.19 -> 13587.929 | K97: =I97*(1+5.1%) -> 16169.635 | L97: FDLAN-LP-002-2025 OFERTA ECONOMICA AMBIENTE | M97: https://community.secop.gov.co/Public/Tendering/ContractNoticePhases/View?PPI=CO1.PPI.41809916&isFromPublicArea=True&isModal=False | N97: N/A | O97: N/A | P97: N/A | Q97: N/A | R97: N/A | S97: N/A | T97: N/A | U97: N/A | V97: =AVERAGE(K97,O97,S97) -> 16169.635 | W97: =_xlfn.STDEV.P(K97) -> 0 | X97: =W97/V97 -> 0 | Y97: =V97*G97 -> 3233927
A98: 7 | B98: 44111500 | C98: Agenda ecológica: | E98: Agenda elaborada en papel reciclado, tamaño media carta o A5, con contenido ambiental pedagógico, diseño moderno y personalización institucional. | F98: unidad | G98: 200 | H98: N/A | I98: N/A | J98: 5200 | K98: =J98*1.19 -> 6188 | M98: https://dotacionesindustriales.com/V16/cb/agendas-y-cuadernos/157-agenda-ecologica.html?srsltid=AfmBOopNJP1dcji6GO_J66_FobSYAjFrze1WglVTrk0Cknf01MaJfDeyvO0 | N98: =O98/1.19 -> 5042.0168 | O98: 6000 | Q98: https://botones.com.co/productos/agenda-natural-5301/?srsltid=AfmBOooJCXaJBCQncgwgPS7AnrOksDYQ9IIJ1TyI4JEYG5oyAn8cR399gqw | R98: 5190 | S98: =R98*1.19 -> 6176.1 | U98: https://www.colombiangeek.com/products/libreta-ecologica-teen-of0500?variant=53470181851349&country=CO&currency=COP&utm_medium=product_sync&utm_source=google&utm_content=sag_organic&utm_campaign=sag_organic&srsltid=AfmBOopJjS2VPmdyZi6ieDtHcQpVw-TZ96oABTgS1OYyA0jJazmDsG58C6Y | V98: =AVERAGE(K98,O98,S98) -> 6121.3667 | W98: =_xlfn.STDEV.P(K98) -> 0 | X98: =W98/V98 -> 0 | Y98: =V98*G98 -> 1224273.3
A99: 7 | B99: 24112005 | C99: Mini composter portátil | E99: Balde reutilizado con perforaciones Incluye guía gráfica pegada al balde Enseña aprovechamiento real de residuos orgánicos Tipo: Compostera doméstica portátil Material: Polietileno de alta densidad (PEAD) o plástico reciclado resistente Capacidad: 18 a 25 litros Color: Preferiblemente oscuro (negro o verde) para favorecer el proceso térmico Uso: Aprovechamiento de residuos orgánicos domiciliarios Medida: mediano Perforaciones laterales de 0.5 – 1 cm de diámetro Distribución uniforme en el contenedor Permite circulación de oxígeno (compostaje aeróbico) | F99: unidad | G99: 200 | H99: N/A | I99: N/A | J99: =K99/1.19 -> 82352.941 | K99: 98000 | M99: https://www.mercadolibre.com.co/compostera-urbana-mini-icompost/up/MCOU2429502977?matt_tool=19390127&utm_source=google_shopping&utm_medium=organic&pdp_filters=item_id%3AMCO594262246&from=gshop | N99: =O99/1.19 -> 83949.58 | O99: 99900 | Q99: https://www.bioambientar.com/producto/mini-compostera-urbana/?utm_source=Google%20Shopping&utm_campaign=Productos%20BioAmbientar&utm_medium=cpc&utm_term=3564&srsltid=AfmBOorZ82I3ARBRO3fIvJc03rk0rS-muRGoXEbPEYsBWC0UR6Q3HexflQ0 | R99: =S99/1.19 -> 112605.04 | S99: 134000 | U99: https://articulo.mercadolibre.com.co/MCO-1930907949-compostera-para-residuos-de-cocina-vermicompostera-pequena-_JM?matt_tool=19390127&utm_source=google_shopping&utm_medium=organic | V99: =AVERAGE(K99,O99,S99) -> 110633.33 | W99: =_xlfn.STDEV.P(K99,O99,S99) -> 16540.926 | X99: =W99/V99 -> 0.14951123 | Y99: =V99*G99 -> 22126667
A100: 8 | B100: 24111500 | C100: Bolsas de separación de residuos | E100: Bolsas para separación en la fuente elaboradas en material reciclable o biodegradable, identificadas por colores según normativa nacional para facilitar la correcta clasificación de residuos. Blanco (aprovechables) Paquete x 10 unidades Tipo: Bolsas para basura Características: Bolsa de alta calidad, Peso: resistente a 30 kl de peso o 120 lts, Fabricadas con PEAD Contiene Paquete x 10 und Material: Polietileno de alta densidad Medidas: 70x90cm | F100: unidad | G100: 100 | H100: N/A | I100: N/A | J100: =K100/1.19 -> 23529.412 | K100: 28000 | L100: FDLC-LP-005-2026 | M100: https://community.secop.gov.co/Public/Tendering/ContractNoticeManagement/Index?currentLanguage=es-CO&Page=login&Country=CO&SkinName=CCE | N100: N/A | O100: N/A | P100: N/A | Q100: N/A | R100: N/A | S100: N/A | T100: N/A | U100: N/A | V100: =AVERAGE(K100,O100,S100) -> 28000 | W100: =_xlfn.STDEV.P(K100) -> 0 | X100: =W100/V100 -> 0 | Y100: =V100*G100 -> 2800000
...

Sheet Consolidado Final
A1: No PROYECTO | B1: NOMBRE DEL PROYECTO | C1: META VIGENCIA 2026 | D1: PRESUPUESTO SEGÚN OFERTA ECONÓMICA
A2: 2568 | B2: Acciones para aumentar de la resilencia al cambio climático y reducción de la vulnerabilidad. | C2: Implementar 1 proceso comunitario de educación ambiental | D2: 29992739
C3: Implementar 4 huertas urbanas. | D3: =70445683+13336885 -> 83782568
C4: Mantener 1.000 árboles en zona urbana. | D4: 51938855
C5: Capacitar 200 personas en separación en la fuente y reciclaje. | D5: =88389936 -> 88389936
A6: VALOR TOTAL PROYECYO 2568 | D6: =SUM(D2:D5) -> 254104098
A7: No PROYECTO | B7: NOMBRE DEL PROYECTO | C7: META VIGENCIA 2026 | D7: PRESUPUESTO SEGÚN OFERTA ECONÓMICA
A8: 2472 | B8: Acciones de resiliencia hogares seguros y comunidades fortalecidas | C8: GESTIÓN DEL RIESGO – FORTALECIMIENTO DE CAPACIDADES | D8: 40424915
C9: GESTIÓN DEL RIESGO – OBRA DE MITIGACIÓN | D9: 85138000
A10: VALOR TOTAL PROYECTO 2472 | D10: =SUM(D8:D9) -> 125562915
A11: VALOR TOTAL DEL PROYECTO ESTUDIO DE MERCADO | D11: =254104098+125562915 -> 379667013
D18: ,

Sheet AP (borrador)
A1: No PROYECTO | B1: NOMBRE DEL PROYECTO | C1: META VIGENCIA 2026 | D1: PRESUPUESTO SEGÚN OFERTA ECONÓMICA - 30-07-2026 | E1: Valor inicial en formulación | F1: valor adicionado
A2: 2568 | B2: Acciones para aumentar de la resilencia al cambio climático y reducción de la vulnerabilidad. | C2: Implementar 1 proceso comunitario de educación ambiental | D2: ='EM AMBIENTE'!Y30 -> 29992739 | E2: 24418737 | F2: =D2-E2 -> 5574001.8
C3: Implementar 4 huertas urbanas. | D3: ='EM AMBIENTE'!Y84 -> 83782568 | E3: 70461106 | F3: =D3-E3 -> 13321462
C4: Mantener 1.000 árboles en zona urbana. | D4: ='EM AMBIENTE'!Y131 -> 51938855 | E4: 43000000 | F4: =D4-E4 -> 8938855
C5: Capacitar 200 personas en separación en la fuente y reciclaje. | D5: ='EM AMBIENTE'!Y115 -> 88389936 | E5: 24092637 | F5: =D5-E5 -> 64297299 | I5: total NUEVO
D6: =SUM(D2:D5) -> 2.541041e+08 | E6: =SUM(E2:E6) -> 161972480 | F6: 89482304 | G6: Disponible inicial | H6: 164679000 | I6: =H6+F6 -> 254161304
D7: Valor adicional
A9: No PROYECTO | B9: NOMBRE DEL PROYECTO | C9: META VIGENCIA 2026 | D9: PRESUPUESTO SEGÚN OFERTA ECONÓMICA - 0-07-2026 | E9: Valor inicial en formulación | I9: =I6-D6 -> 57206.591
A10: 2472 | B10: Acciones de resiliencia hogares seguros y comunidades fortalecidas | C10: GESTIÓN DEL RIESGO – FORTALECIMIENTO DE CAPACIDADES | D10: ='EM RIESGOS'!Y32 -> 40424915 | E10: 40427040 | G10: =D10-E10 -> -2125.04
C11: GESTIÓN DEL RIESGO – OBRA DE MITIGACIÓN | D11: ='EM RIESGOS'!Y93 -> 85138000 | E11: 85138000
D12: =SUM(D10:D11) -> 1.2556291e+08 | E12: =SUM(E10:E11) -> 125565040
A15: VALOR TOTAL DEL PROYECTO ESTUDIO DE MERCADO | D15: =D6+D12 -> 3.7966701e+08 | E15: =E6+E12 -> 287537520
G16: =D17-D15 -> 59331.631
A17: VALOR TOTAL DEL PROYECTO TOTAL (ADICIÓN) | D17: =E12+I6 -> 379726344 | E17: 379726344
D23: ,
